 Dungeon Crawl Stone Soup version 0.29.0-4-gdea44cf6ec (webtiles) character file.

Game seed: 2723704562375389853

15593 qw the Blocker (level 12, 111/111 HPs)
             Began as a Troll Cinder Acolyte on Sept 2, 2022.
             Was an Initiate of Ignis.
             Quit the game on level 6 of the Dungeon.
             The game lasted 00:17:01 (9990 turns).

qw the Blocker (Troll Cinder Acolyte)               Turns: 9990, Time: 00:17:02

Health: 111/111    AC: 14    Str: 29    XL:     12   Next: 2%
Magic:  12/12      EV:  7    Int: 10    God:    Ignis [......]
Gold:   422        SH: 15    Dex:  5    Spells: 13/13 levels left

rFire   + . .      SeeInvis .     - Unarmed
rCold   . . .      Faith    .   m - +0 tower shield
rNeg    . . .      Spirit   .   q - +0 acid dragon scales
rPois   +          Reflect  .   (helmet restricted)
rElec   .          Harm     .   h - +1 cloak
rCorr   +          Rampage  .   (gloves unavailable)
Will    .....                   (boots unavailable)
Stlth   ..........              i - amulet of regeneration
HPRegen 1.88/turn               p - ring of poison resistance
MPRegen 0.13/turn               n - +4 ring of protection

@: no status effects
A: large, unfitting armour, claws 3, regeneration 1, shaggy fur 1, tough skin 1
a: Renounce Religion, Rising Flame


You were on level 6 of the Dungeon.
You worshipped Ignis.
Ignis was noncommittal.
You visited 2 branches of the dungeon, and saw 11 of its levels.
You also visited: Sewer.

You collected 702 gold pieces.
You spent 280 gold pieces at shops.


Innate Abilities, Weirdness & Mutations

You are too large for most types of armour.
You have claws for hands.
Your natural rate of healing is unusually fast.
You are covered in fur. (AC +1)
You have tough skin. (AC +1)


   Skills:
 - Level 5.0 Fighting
 + Level 1.7 Throwing
 - Level 2.0 Armour
 - Level 1.5 Dodging
 - Level 13.1 Shields
 - Level 12.2 Unarmed Combat
 - Level 1.0 Spellcasting
 - Level 2.1 Fire Magic


You had 13 spell levels left.
You didn't know any spells.
Your spell library contained the following spells:

 Spells                   Type           Power      Damage    Failure   Level
 Scorch                   Fire           8%         2d5       63%         2

Inventory:

Missiles
 f - 5 boomerangs
 s - 4 javelins (quivered)
Armour
 h - a +1 cloak (worn)
 m - a +0 tower shield (worn)
 q - +0 acid dragon scales (worn)
 r - a +2 robe of fire resistance
Jewellery
 e - a ring of protection from cold
 i - an amulet of regeneration (around neck)
 k - a ring of resist corrosion
 n - a +4 ring of protection (right claw)
 p - a ring of poison resistance (left claw)
Scrolls
 b - 3 scrolls of identify
 o - 2 scrolls of enchant weapon
Potions
 a - a potion of curing
 c - a potion of might
 g - 5 potions of heal wounds
 j - 4 potions of haste
 l - a potion of mutation

Dungeon Overview and Level Annotations

Branches:
Dungeon (9/15)             Temple (0/1) D:7            Lair (2/5) D:9
  Snake (0/4) Lair:2        Sewer (visited)
  Swamp: Lair:2-3    Shoals: Lair:2-3       Orc: D:9-12

Altars:
Ashenzari
Dithmenos
Elyvilon
Fedhas
Gozag
Hepliaklqana
Makhleb
Trog
Uskayaw
Xom
Yredelemnul
Zin

Shops:
D:8 =

Annotations:
D:4 1 runed translucent door, Crazy Yiuf
D:5 3 runed translucent doors, qw's ghost, novice TrCA


Message History

9977 ||| Stepping randomly (stuck).
Done exploring.
Done exploring.
9978 ||| Stepping randomly (stuck).
Done exploring.
Done exploring.
9979 ||| Stepping randomly (stuck).
Done exploring.
Done exploring.
9980 ||| Stepping randomly (stuck).
Done exploring.
Done exploring.
9981 ||| Stepping randomly (stuck).
Done exploring.
Done exploring.
9982 ||| Stepping randomly (stuck).
Done exploring.
Done exploring.
9983 ||| Stepping randomly (stuck).
Done exploring.
Done exploring.
9984 ||| Stepping randomly (stuck).
Done exploring.
Done exploring.
9985 ||| Stepping randomly (stuck).
Done exploring.
Done exploring.
9986 ||| Stepping randomly (stuck).
Done exploring.
Done exploring.
9987 ||| Stepping randomly (stuck).
Done exploring.
Done exploring.
9988 ||| Stepping randomly (stuck).
Done exploring.
Done exploring.
9989 ||| Stepping randomly (stuck).
Done exploring.
Done exploring.
Are you sure you want to abandon this character and quit the game? (Confirm with "yes".)

........# ##.###
#.......#####....#
?.........##....##
........##......#
##.......#......###
.###..............##
..##...............#
..#................#
............##..@.##
#...#......####..##
#......##....#...##
...##.###.........#
...##..........#..#
#..###........#####
#...........####
###........)...##
##..............##


There were no monsters in sight!

Vanquished Creatures
  A boulder beetle (Lair:1)
  Erica (D:9)
  Urug (Lair:2)
  A lindwurm (Lair:2)
  Pikel (D:5)
  An elephant (D:9)
  2 black mambas
  A cane toad (Lair:1)
  Maggie (D:9)
  A kobold demonologist (D:9)
  2 komodo dragons (Lair:1)
  A troll (D:9)
  9 blink frogs
  Prince Ribbit (D:5)
  Sigmund (D:3)
  A vampire (D:9)
  2 basilisks
  6 yaks (Lair:1)
  A wyvern (D:9)
  Grum (D:8)
  2 steam dragons
  Menkaure (D:5)
  2 nagas (Lair:2)
  Pargi (Sewer)
  5 water moccasins
  3 black bears
  5 orc warriors
  2 sky beasts (D:6)
  3 ogres (D:9)
  9 wolves
  4 centaurs
  2 lemures (D:4)
  6 kobold brigands (D:9)
  9 bullfrogs
  A necrophage (D:6)
  A scorpion (D:7)
  10 wights
  10 killer bees (D:9)
  A howler monkey (D:5)
  2 electric eels (Lair:1)
  2 hounds (D:5)
  6 orc priests
  4 jellies
  2 gnoll boudas (D:9)
  2 iguanas (D:4)
  Terence (D:3)
  7 hell rats (Lair:2)
  11 orc wizards
  13 gnolls
  12 adders
  3 white imps
  An ufetubus (D:6)
  A worm (D:4)
  A dart slug (D:1)
  24 orcs
  8 endoplasms
  8 giant cockroaches
  7 goblins
  5 hobgoblins
  18 kobolds
  3 quokkas
  4 ball pythons
  4 bats
  11 frilled lizards
  4 rats
277 creatures vanquished.

Vanquished Creatures (others)
  7 fungi
  10 plants
17 creatures vanquished.

Grand Total: 294 creatures vanquished

Notes
Turn   | Place    | Note
-------+----------+-------------------------------------------
     0 | D:1      | qw the Troll Cinder Acolyte began the quest for the Orb.
     0 | D:1      | Reached XP level 1. HP: 22/22 MP: 1/1
     0 | D:1      | 0 ||| qw: Version: 0.1-a-97-g2dd2ca4
     0 | D:1      | 0 ||| qw: Game counter: 4979
     0 | D:1      | 0 ||| qw: Always use a shield: true
     0 | D:1      | 0 ||| qw: God list: Okawaru
     0 | D:1      | 0 ||| qw: Allow faded altars: false
     0 | D:1      | 0 ||| qw: Do Orc after D:15 true
     0 | D:1      | 0 ||| qw: Do second Lair branch before Depths: true
     0 | D:1      | 0 ||| qw: Lair rune preference: random
     0 | D:1      | 0 ||| qw: Plans: Normal
     0 | D:1      | 0 ||| PLANNING D:1-11
   155 | D:1      | Reached XP level 2. HP: 27/29 MP: 2/2
   223 | D:1      | 223 ||| Stepping ~*~*~tactically~*~*~ (outnumbered).
   224 | D:1      | 224 ||| Stepping ~*~*~tactically~*~*~ (outnumbered).
   226 | D:1      | 226 ||| Stepping ~*~*~tactically~*~*~ (outnumbered).
   585 | D:1      | Reached XP level 3. HP: 36/36 MP: 3/3
   617 | D:1      | 617 ||| Stepping ~*~*~tactically~*~*~ (hiding).
   881 | D:1      | 881 ||| UPGRADING to +0 cloak.
   886 | D:1      | 886 ||| READING 4 scrolls labelled UCIPAUKHUST.
   889 | D:1      | 889 ||| READING scroll labelled LOUTSU SAASI.
   890 | D:1      | 890 ||| READING scroll labelled QEUJUNEWOA.
   891 | D:1      | 891 ||| READING scroll labelled NYOZENN MUNEID.
   992 | D:1      | 992 ||| DRINKING 2 amethyst potions.
   993 | D:1      | 993 ||| DRINKING 2 brown potions.
  1098 | D:1      | 1098 ||| DROPPING potion of attraction.
  1099 | D:1      | 1099 ||| DROPPING potion of berserk rage.
  1164 | D:2      | 1164 ||| Stepping ~*~*~tactically~*~*~ (stealth).
  1251 | D:2      | Found a burning altar of Makhleb.
  1292 | D:2      | Reached XP level 4. HP: 44/44 MP: 4/4
  1322 | D:2      | 1322 ||| Stepping ~*~*~tactically~*~*~ (stealth).
  1338 | D:2      | 1338 ||| Stepping ~*~*~tactically~*~*~ (hiding).
  1340 | D:2      | 1340 ||| Stepping ~*~*~tactically~*~*~ (hiding).
  1342 | D:2      | 1342 ||| Stepping ~*~*~tactically~*~*~ (hiding).
  1642 | D:2      | 1642 ||| READING 2 scrolls labelled ROGAMIPUQU.
  1643 | D:2      | 1643 ||| DROPPING scroll of vulnerability.
  1977 | D:3      | 1977 ||| Stepping ~*~*~tactically~*~*~ (stealth).
  2120 | D:3      | 2120 ||| INVOKING Fiery Armour.
  2121 | D:3      | 2121 ||| Stepping ~*~*~tactically~*~*~ (outnumbered).
  2125 | D:3      | Reached XP level 5. HP: 50/50 MP: 5/5
  2131 | D:3      | Reached skill level 6 in Unarmed Combat
  2151 | D:3      | Noticed Sigmund
  2163 | D:3      | Killed Sigmund
  2164 | D:3      | Reached XP level 6. HP: 53/59 MP: 6/6
  2171 | D:3      | Noticed Terence
  2175 | D:3      | Killed Terence
  2281 | D:3      | 2281 ||| UPGRADING to +4 ring of protection.
  2282 | D:3      | 2282 ||| READING 4 scrolls labelled WER FUBRAUWUOT.
  2283 | D:3      | 2283 ||| DRINKING 3 ruby potions.
  2384 | D:3      | 2384 ||| DRINKING 2 green potions.
  2385 | D:3      | 2385 ||| READING 3 scrolls of identify.
  2385 | D:3      | 2385 ||| IDENTIFYING glowing sapphire potion
  2386 | D:3      | 2386 ||| READING 2 scrolls of identify.
  2386 | D:3      | 2386 ||| IDENTIFYING glowing ruby potion
  2387 | D:3      | 2387 ||| DROPPING potion of lignification.
  2388 | D:3      | 2388 ||| DROPPING 2 potions of ambrosia.
  2402 | D:4      | Found a burning altar of Makhleb.
  2460 | D:4      | Found a glowing silver altar of Zin.
  2595 | D:4      | 2595 ||| Stepping ~*~*~tactically~*~*~ (stealth).
  2835 | D:4      | 2835 ||| READING scroll labelled WEIN POLO ETISOLA.
  2836 | D:4      | 2836 ||| READING 4 scrolls of identify.
  2836 | D:4      | 2836 ||| IDENTIFYING blue potion
  2837 | D:4      | 2837 ||| READING 3 scrolls of identify.
  2837 | D:4      | 2837 ||| IDENTIFYING silvery potion
  2838 | D:4      | 2838 ||| DROPPING potion of brilliance.
  2839 | D:4      | 2839 ||| READING 5 scrolls of teleportation.
  3172 | D:4      | Found a runed translucent door.
  3173 | D:4      | Noticed Crazy Yiuf
  3284 | D:4      | 3284 ||| Stepping ~*~*~tactically~*~*~ (stealth).
  3362 | D:4      | 3362 ||| READING scroll labelled TIRAAMP HUTELA.
  3385 | D:5      | Entered Level 5 of the Dungeon
  3387 | D:5      | Noticed Pikel
  3390 | D:5      | 3390 ||| STAIRDANCE
  3441 | D:5      | 3441 ||| STAIRDANCE
  3443 | D:4      | 3443 ||| Stepping ~*~*~tactically~*~*~ (outnumbered).
  3444 | D:4      | 3444 ||| Stepping ~*~*~tactically~*~*~ (outnumbered).
  3445 | D:4      | 3445 ||| Stepping ~*~*~tactically~*~*~ (outnumbered).
  3446 | D:4      | 3446 ||| Stepping ~*~*~tactically~*~*~ (outnumbered).
  3448 | D:4      | 3448 ||| Stepping ~*~*~tactically~*~*~ (outnumbered).
  3449 | D:4      | 3449 ||| Stepping ~*~*~tactically~*~*~ (outnumbered).
  3450 | D:4      | 3450 ||| Stepping ~*~*~tactically~*~*~ (outnumbered).
  3451 | D:4      | 3451 ||| Stepping ~*~*~tactically~*~*~ (outnumbered).
  3452 | D:4      | 3452 ||| Stepping ~*~*~tactically~*~*~ (outnumbered).
  3453 | D:4      | 3453 ||| Stepping ~*~*~tactically~*~*~ (outnumbered).
  3458 | D:4      | Reached XP level 7. HP: 51/66 MP: 7/7
  3527 | D:5      | 3527 ||| Stepping ~*~*~tactically~*~*~ (outnumbered).
  3528 | D:5      | 3528 ||| Stepping ~*~*~tactically~*~*~ (outnumbered).
  3538 | D:5      | Killed Pikel
  3574 | D:5      | Reached XP level 8. HP: 80/80 MP: 8/8
  3584 | D:5      | Found a hazy altar of Hepliaklqana.
  3589 | D:5      | Found a hide-covered altar of Uskayaw.
  3615 | D:5      | Noticed Menkaure
  3621 | D:5      | 3621 ||| INVOKING Fiery Armour.
  3623 | D:5      | HP: 17/80 [Menkaure (6)]
  3624 | D:5      | 3624 ||| READING 4 scrolls of teleportation.
  3625 | D:5      | 3625 ||| DRINKING potion of heal wounds.
  3627 | D:5      | Killed Menkaure
  3722 | D:5      | 3722 ||| READING scroll of enchant armour.
  3722 | D:5      | 3722 ||| ENCHANTING +0 cloak.
  3731 | D:5      | Found a runed translucent gate.
  3764 | D:5      | Found a runed translucent gate.
  3764 | D:5      | Found an opulent altar of Gozag.
  3765 | D:5      | Found a runed translucent gate.
  3767 | D:5      | Noticed qw's ghost (novice TrCA)
  3817 | D:5      | Reached skill level 9 in Unarmed Combat
  3846 | D:5      | Reached skill level 1 in Dodging
  3887 | D:5      | Found a white marble altar of Elyvilon.
  3888 | D:5      | Found a bloodstained altar of Trog.
  3917 | D:5      | Noticed Prince Ribbit
  3919 | D:5      | 3919 ||| Stepping ~*~*~tactically~*~*~ (stealth).
  3930 | D:5      | Killed Prince Ribbit
  4092 | D:5      | 4092 ||| READING scroll labelled HIUFAI DEJYGE.
  4093 | D:5      | 4093 ||| READING 3 scrolls of identify.
  4093 | D:5      | 4093 ||| IDENTIFYING emerald potion
  4094 | D:5      | 4094 ||| DROPPING potion of degeneration.
  4113 | D:6      | 4113 ||| PLANNING SEWER
  4190 | D:6      | Found a radiant altar of Vehumet.
  4229 | D:6      | Found a hazy altar of Hepliaklqana.
  4229 | D:6      | Found a glowing golden altar of the Shining One.
  4231 | D:6      | Found a shimmering altar of Xom.
  4231 | D:6      | Found a shadowy altar of Dithmenos.
  4231 | D:6      | Found an iron altar of Okawaru.
  4427 | D:6      | Reached skill level 1 in Throwing
  4427 | D:6      | Reached XP level 9. HP: 87/88 MP: 9/9
  4428 | D:6      | 4428 ||| Stepping ~*~*~tactically~*~*~ (stealth).
  4440 | D:6      | 4440 ||| Stepping ~*~*~tactically~*~*~ (stealth).
  4441 | D:6      | 4441 ||| Stepping ~*~*~tactically~*~*~ (stealth).
  4445 | D:6      | 4445 ||| INVOKING Fiery Armour.
  4450 | D:6      | 4450 ||| Stepping ~*~*~tactically~*~*~ (outnumbered).
  4451 | D:6      | 4451 ||| Stepping ~*~*~tactically~*~*~ (outnumbered).
  4452 | D:6      | 4452 ||| Stepping ~*~*~tactically~*~*~ (outnumbered).
  4453 | D:6      | 4453 ||| Stepping ~*~*~tactically~*~*~ (outnumbered).
  4454 | D:6      | 4454 ||| Stepping ~*~*~tactically~*~*~ (outnumbered).
  4455 | D:6      | 4455 ||| Stepping ~*~*~tactically~*~*~ (outnumbered).
  4602 | D:6      | Found a basalt altar of Yredelemnul.
  4679 | D:6      | Found a glowing drain.
  4689 | D:6      | 4689 ||| UPGRADING to ring of resist corrosion.
  4690 | D:6      | 4690 ||| READING scroll labelled PITILECKOYLE.
  4699 | Sewer    | Entered a sewer
  4746 | Sewer    | Noticed Pargi
  4750 | Sewer    | Killed Pargi
  4855 | Sewer    | 4855 ||| READING scroll labelled BECA WUYMPADUE.
  4856 | Sewer    | 4856 ||| READING 2 scrolls of identify.
  4856 | Sewer    | 4856 ||| IDENTIFYING fizzy yellow potion
  4857 | Sewer    | 4857 ||| DROPPING potion of magic.
  4872 | D:6      | 4872 ||| PLANNING D:1-11
  4980 | D:7      | 4980 ||| Stepping ~*~*~tactically~*~*~ (outnumbered).
  4981 | D:7      | 4981 ||| DRINKING 2 potions of curing.
  4981 | D:7      | 4981 ||| (to cure confusion)
  4982 | D:7      | 4982 ||| Stepping ~*~*~tactically~*~*~ (outnumbered).
  4983 | D:7      | 4983 ||| Stepping ~*~*~tactically~*~*~ (outnumbered).
  4984 | D:7      | 4984 ||| Stepping ~*~*~tactically~*~*~ (outnumbered).
  4985 | D:7      | 4985 ||| Stepping ~*~*~tactically~*~*~ (outnumbered).
  4986 | D:7      | 4986 ||| Stepping ~*~*~tactically~*~*~ (outnumbered).
  4988 | D:7      | 4988 ||| Stepping ~*~*~tactically~*~*~ (outnumbered).
  5000 | D:7      | 5000 ||| DRINKING potion of curing.
  5000 | D:7      | 5000 ||| (to cure confusion)
  5089 | D:7      | 5089 ||| Stepping ~*~*~tactically~*~*~ (hiding).
  5126 | D:7      | Identified the +3 leather armour "Plog" {rCorr MP+9 Slay+2}
  5164 | D:7      | 5164 ||| Stepping ~*~*~tactically~*~*~ (hiding).
  5170 | D:7      | 5170 ||| Stepping ~*~*~tactically~*~*~ (stealth).
  5336 | D:7      | Found a blossoming altar of Fedhas.
  5503 | D:7      | Found a staircase to the Ecumenical Temple.
  5521 | D:7      | 5521 ||| UPGRADING to +0 tower shield.
  5526 | D:7      | 5526 ||| UPGRADING to amulet of regeneration.
  5531 | D:7      | 5531 ||| READING scroll labelled HIOBRI XEIPN.
  5581 | D:8      | Found Cah Buss's Jewellery Shoppe.
  5593 | D:8      | 5593 ||| SHOPLISTING +4 ring of protection (504 gold, have
                  | 442).
  5593 | D:8      | 5593 ||| SHOPLISTING +6 ring of strength (504 gold, have
                  | 442).
  5593 | D:8      | 5593 ||| SHOPLISTING ring "Lapaokk" {rPois rCorr AC+4 Int-3
                  | Stlth+} (690 gold, have 442).
  5593 | D:8      | 5593 ||| SHOPLISTING ring of Elaotrec {rN+ Str+2 Dex+3
                  | SInv} (513 gold, have 442).
  5593 | D:8      | 5593 ||| BUYING ring of poison resistance (280 gold).
  5593 | D:8      | Bought a ring of poison resistance for 280 gold pieces
  5593 | D:8      | 5593 ||| SHOPLISTING ring of poison resistance (280 gold,
                  | have 162).
  5593 | D:8      | 5593 ||| SHOPLISTING ring of willpower (350 gold, have
                  | 162).
  5605 | D:8      | Reached skill level 1 in Shields
  5607 | D:8      | 5607 ||| Stepping ~*~*~tactically~*~*~ (stealth).
  5613 | D:8      | Reached skill level 2 in Shields
  5615 | D:8      | 5615 ||| Stepping ~*~*~tactically~*~*~ (stealth).
  5616 | D:8      | 5616 ||| Stepping ~*~*~tactically~*~*~ (stealth).
  5617 | D:8      | Noticed Grum
  5620 | D:8      | 5620 ||| INVOKING Fiery Armour.
  5621 | D:8      | 5621 ||| Stepping ~*~*~tactically~*~*~ (outnumbered).
  5625 | D:8      | 5625 ||| Stepping ~*~*~tactically~*~*~ (outnumbered).
  5626 | D:8      | 5626 ||| Stepping ~*~*~tactically~*~*~ (outnumbered).
  5627 | D:8      | 5627 ||| Stepping ~*~*~tactically~*~*~ (outnumbered).
  5628 | D:8      | 5628 ||| Stepping ~*~*~tactically~*~*~ (outnumbered).
  5629 | D:8      | 5629 ||| STAIRDANCE
  5632 | D:7      | Reached skill level 3 in Shields
  5657 | D:7      | 5657 ||| UPGRADING to ring of protection from cold.
  5659 | D:7      | 5659 ||| UPGRADING to ring of poison resistance.
  5661 | D:7      | 5661 ||| UPGRADING to +4 ring of protection.
  5667 | D:8      | Reached skill level 4 in Shields
  5667 | D:8      | 5667 ||| STAIRDANCE
  5676 | D:8      | 5676 ||| Stepping ~*~*~tactically~*~*~ (hiding).
  5684 | D:8      | Killed Grum
  5804 | D:8      | 5804 ||| Stepping ~*~*~tactically~*~*~ (stealth).
  5806 | D:8      | 5806 ||| Stepping ~*~*~tactically~*~*~ (stealth).
  5869 | D:8      | Identified the +2 chain mail of Understanding {Dex+4}
  5935 | D:8      | Reached skill level 5 in Shields
  5935 | D:8      | 5935 ||| Stepping ~*~*~tactically~*~*~ (outnumbered).
  5936 | D:8      | 5936 ||| Stepping ~*~*~tactically~*~*~ (outnumbered).
  6087 | D:8      | 6087 ||| Stepping ~*~*~tactically~*~*~ (hiding).
  6088 | D:8      | 6088 ||| Stepping ~*~*~tactically~*~*~ (hiding).
  6089 | D:8      | 6089 ||| Stepping ~*~*~tactically~*~*~ (hiding).
  6198 | D:8      | 6198 ||| READING scroll labelled HUSYGOI ARRAG.
  6199 | D:8      | 6199 ||| READING 2 scrolls of identify.
  6199 | D:8      | 6199 ||| IDENTIFYING fizzy brown potion
  6228 | D:9      | Noticed Maggie
  6229 | D:9      | 6229 ||| Stepping ~*~*~tactically~*~*~ (hiding).
  6231 | D:9      | 6231 ||| Stepping ~*~*~tactically~*~*~ (hiding).
  6234 | D:9      | 6234 ||| INVOKING Fiery Armour.
  6236 | D:9      | 6236 ||| Stepping ~*~*~tactically~*~*~ (outnumbered).
  6248 | D:9      | Killed Maggie
  6249 | D:9      | Reached skill level 6 in Shields
  6249 | D:9      | Reached XP level 10. HP: 65/96 MP: 10/10
  6369 | D:9      | Noticed an elephant
  6372 | D:9      | Found a staircase to the Lair.
  6373 | D:9      | 6373 ||| Stepping ~*~*~tactically~*~*~ (outnumbered).
  6376 | D:9      | 6376 ||| Stepping ~*~*~tactically~*~*~ (outnumbered).
  6377 | D:9      | 6377 ||| Stepping ~*~*~tactically~*~*~ (outnumbered).
  6387 | D:9      | 6387 ||| Stepping ~*~*~tactically~*~*~ (outnumbered).
  6398 | D:9      | 6398 ||| INVOKING Fiery Armour.
  6401 | D:9      | 6401 ||| Stepping ~*~*~tactically~*~*~ (outnumbered).
  6401 | D:9      | HP: 22/96 [basilisk (9)]
  6402 | D:9      | 6402 ||| READING 4 scrolls of teleportation.
  6403 | D:9      | Reached skill level 7 in Shields
  6403 | D:9      | 6403 ||| DRINKING 2 potions of heal wounds.
  6404 | D:9      | 6404 ||| Stepping ~*~*~tactically~*~*~ (outnumbered).
  6414 | D:9      | 6414 ||| FLEEEEING.
  6415 | D:9      | 6415 ||| FLEEEEING.
  6423 | D:9      | 6423 ||| STAIRDANCE
  6438 | D:8      | 6438 ||| UPGRADING to +0 acid dragon scales.
  6448 | D:8      | 6448 ||| DROPPING +0 robe.
  6505 | D:9      | Killed an elephant
  6518 | D:9      | 6518 ||| Stepping ~*~*~tactically~*~*~ (stealth).
  6548 | D:9      | Reached skill level 8 in Shields
  6591 | D:9      | 6591 ||| Stepping ~*~*~tactically~*~*~ (outnumbered).
  6592 | D:9      | 6592 ||| Stepping ~*~*~tactically~*~*~ (outnumbered).
  6625 | D:9      | Identified the +7 trident of Jaef {spect, rC+}
  6629 | D:9      | 6629 ||| Stepping ~*~*~tactically~*~*~ (outnumbered).
  6631 | D:9      | 6631 ||| Stepping ~*~*~tactically~*~*~ (hiding).
  6632 | D:9      | 6632 ||| Stepping ~*~*~tactically~*~*~ (hiding).
  6634 | D:9      | 6634 ||| Stepping ~*~*~tactically~*~*~ (hiding).
  6635 | D:9      | 6635 ||| Stepping ~*~*~tactically~*~*~ (hiding).
  6636 | D:9      | 6636 ||| Stepping ~*~*~tactically~*~*~ (hiding).
  6641 | D:9      | 6641 ||| Stepping ~*~*~tactically~*~*~ (outnumbered).
  6659 | D:9      | 6659 ||| INVOKING Fiery Armour.
  6661 | D:9      | Reached skill level 1 in Armour
  6661 | D:9      | 6661 ||| Stepping ~*~*~tactically~*~*~ (outnumbered).
  6665 | D:9      | 6665 ||| Stepping ~*~*~tactically~*~*~ (outnumbered).
  6686 | D:9      | 6686 ||| Stepping ~*~*~tactically~*~*~ (outnumbered).
  6810 | D:9      | 6810 ||| Stepping ~*~*~tactically~*~*~ (stealth).
  6817 | D:9      | Reached skill level 9 in Shields
  6915 | D:9      | Found a broken altar of Ashenzari.
  7001 | D:9      | 7001 ||| Stepping ~*~*~tactically~*~*~ (stealth).
  7002 | D:9      | 7002 ||| Stepping ~*~*~tactically~*~*~ (stealth).
  7067 | D:9      | 7067 ||| Stepping ~*~*~tactically~*~*~ (hiding).
  7069 | D:9      | 7069 ||| Stepping ~*~*~tactically~*~*~ (hiding).
  7144 | D:9      | 7144 ||| Stepping ~*~*~tactically~*~*~ (stealth).
  7147 | D:9      | 7147 ||| Stepping ~*~*~tactically~*~*~ (stealth).
  7149 | D:9      | 7149 ||| INVOKING Fiery Armour.
  7150 | D:9      | 7150 ||| Stepping ~*~*~tactically~*~*~ (stealth).
  7165 | D:9      | Noticed Erica
  7165 | D:9      | 7165 ||| Stepping ~*~*~tactically~*~*~ (stealth).
  7177 | D:9      | Reached skill level 10 in Shields
  7180 | D:9      | 7180 ||| Stepping ~*~*~tactically~*~*~ (hiding).
  7190 | D:9      | Killed Erica
  7191 | D:9      | Reached XP level 11. HP: 84/102 MP: 11/11
  7307 | D:9      | 7307 ||| Stepping ~*~*~tactically~*~*~ (stealth).
  7335 | D:9      | 7335 ||| Stepping ~*~*~tactically~*~*~ (stealth).
  7337 | D:9      | 7337 ||| Stepping ~*~*~tactically~*~*~ (hiding).
  7583 | D:9      | 7583 ||| PLANNING LAIR
  7583 | D:9      | 7583 ||| DROPPING scarf of shadows.
  7584 | D:9      | 7584 ||| DROPPING ring of magical power.
  7585 | D:9      | 7585 ||| READING 2 scrolls of identify.
  7585 | D:9      | 7585 ||| IDENTIFYING golden potion
  7623 | Lair:1   | Entered Level 1 of the Lair of Beasts
  7668 | Lair:1   | 7668 ||| Stepping ~*~*~tactically~*~*~ (stealth).
  7671 | Lair:1   | 7671 ||| Stepping ~*~*~tactically~*~*~ (stealth).
  7673 | Lair:1   | 7673 ||| INVOKING Fiery Armour.
  7676 | Lair:1   | 7676 ||| Stepping ~*~*~tactically~*~*~ (outnumbered).
  7696 | Lair:1   | 7696 ||| Stepping ~*~*~tactically~*~*~ (stealth).
  7705 | Lair:1   | Reached skill level 11 in Shields
  7706 | Lair:1   | 7706 ||| Stepping ~*~*~tactically~*~*~ (stealth).
  7756 | Lair:1   | 7756 ||| Stepping ~*~*~tactically~*~*~ (outnumbered).
  7806 | Lair:1   | 7806 ||| Stepping ~*~*~tactically~*~*~ (stealth).
  7987 | Lair:1   | Noticed a boulder beetle
  7988 | Lair:1   | 7988 ||| INVOKING Fiery Armour.
  7996 | Lair:1   | Killed a boulder beetle
  8006 | Lair:1   | Reached skill level 12 in Shields
  8078 | Lair:1   | 8078 ||| DRINKING potion of cancellation.
  8176 | Lair:1   | 8176 ||| Stepping ~*~*~tactically~*~*~ (stealth).
  8178 | Lair:1   | 8178 ||| Stepping ~*~*~tactically~*~*~ (outnumbered).
  8179 | Lair:1   | 8179 ||| Stepping ~*~*~tactically~*~*~ (outnumbered).
  8180 | Lair:1   | 8180 ||| Stepping ~*~*~tactically~*~*~ (outnumbered).
  8181 | Lair:1   | 8181 ||| Stepping ~*~*~tactically~*~*~ (outnumbered).
  8184 | Lair:1   | 8184 ||| Stepping ~*~*~tactically~*~*~ (stealth).
  8445 | Lair:1   | 8445 ||| Stepping ~*~*~tactically~*~*~ (stealth).
  8624 | Lair:2   | 8624 ||| INVOKING Fiery Armour.
  8629 | Lair:2   | 8629 ||| Stepping ~*~*~tactically~*~*~ (stealth).
  8636 | Lair:2   | 8636 ||| Stepping ~*~*~tactically~*~*~ (stealth).
  8637 | Lair:2   | 8637 ||| Stepping ~*~*~tactically~*~*~ (stealth).
  8638 | Lair:2   | 8638 ||| Stepping ~*~*~tactically~*~*~ (stealth).
  8639 | Lair:2   | 8639 ||| Stepping ~*~*~tactically~*~*~ (stealth).
  8650 | Lair:2   | Reached skill level 12 in Unarmed Combat
  8672 | Lair:2   | 8672 ||| Stepping ~*~*~tactically~*~*~ (stealth).
  8706 | Lair:2   | 8706 ||| Stepping ~*~*~tactically~*~*~ (stealth).
  8737 | Lair:2   | 8737 ||| Stepping ~*~*~tactically~*~*~ (stealth).
  8749 | Lair:2   | Noticed Urug
  8750 | Lair:2   | 8750 ||| INVOKING Fiery Armour.
  8768 | Lair:2   | 8768 ||| FLEEEEING.
  8769 | Lair:2   | 8769 ||| FLEEEEING.
  8770 | Lair:2   | 8770 ||| FLEEEEING.
  8771 | Lair:2   | 8771 ||| FLEEEEING.
  8772 | Lair:2   | 8772 ||| FLEEEEING.
  8773 | Lair:2   | 8773 ||| FLEEEEING.
  8774 | Lair:2   | 8774 ||| FLEEEEING.
  8775 | Lair:2   | 8775 ||| FLEEEEING.
  8776 | Lair:2   | 8776 ||| FLEEEEING.
  8777 | Lair:2   | 8777 ||| FLEEEEING.
  8778 | Lair:2   | 8778 ||| FLEEEEING.
  8779 | Lair:2   | 8779 ||| FLEEEEING.
  8780 | Lair:2   | 8780 ||| FLEEEEING.
  8781 | Lair:2   | 8781 ||| FLEEEEING.
  8782 | Lair:2   | 8782 ||| FLEEEEING.
  8783 | Lair:2   | 8783 ||| FLEEEEING.
  8784 | Lair:2   | 8784 ||| FLEEEEING.
  8785 | Lair:2   | 8785 ||| FLEEEEING.
  8786 | Lair:2   | 8786 ||| FLEEEEING.
  8787 | Lair:2   | 8787 ||| FLEEEEING.
  8790 | Lair:2   | Noticed a lindwurm
  8791 | Lair:2   | 8791 ||| Stepping ~*~*~tactically~*~*~ (stealth).
  8798 | Lair:2   | Killed Urug
  8799 | Lair:2   | Reached skill level 13 in Shields
  8805 | Lair:2   | Killed a lindwurm
  8806 | Lair:2   | Reached XP level 12. HP: 100/111 MP: 12/12
  8850 | Lair:2   | Found a staircase to the Snake Pit.
  8851 | Lair:2   | 8851 ||| PLANNING CONVERSION TO OKAWARU
  8851 | Lair:2   | 8851 ||| Stepping ~*~*~tactically~*~*~ (hiding).
  8875 | Lair:2   | 8875 ||| Stepping ~*~*~tactically~*~*~ (stealth).
  8971 | D:6      | 8971 ||| READING 4 scrolls of identify.
  8971 | D:6      | 8971 ||| IDENTIFYING yellow potion
  8972 | D:6      | 8972 ||| READING 4 scrolls of teleportation.
  8975 | D:6      | 8975 ||| READING 3 scrolls of teleportation.
  8980 | D:6      | 8980 ||| READING 2 scrolls of teleportation.
  8985 | D:6      | 8985 ||| READING scroll of teleportation.
  8990 | D:6      | 8990 ||| Stepping randomly (stuck).
  8991 | D:6      | 8991 ||| Stepping randomly (stuck).
  8992 | D:6      | 8992 ||| Stepping randomly (stuck).
  8993 | D:6      | 8993 ||| Stepping randomly (stuck).
  8994 | D:6      | 8994 ||| Stepping randomly (stuck).
  8995 | D:6      | 8995 ||| Stepping randomly (stuck).
  8996 | D:6      | 8996 ||| Stepping randomly (stuck).
  8997 | D:6      | 8997 ||| Stepping randomly (stuck).
  8998 | D:6      | 8998 ||| Stepping randomly (stuck).
  8999 | D:6      | 8999 ||| Stepping randomly (stuck).
  9000 | D:6      | 9000 ||| Stepping randomly (stuck).
  9001 | D:6      | 9001 ||| Stepping randomly (stuck).
  9002 | D:6      | 9002 ||| Stepping randomly (stuck).
  9003 | D:6      | 9003 ||| Stepping randomly (stuck).
  9004 | D:6      | 9004 ||| Stepping randomly (stuck).
  9005 | D:6      | 9005 ||| Stepping randomly (stuck).
  9006 | D:6      | 9006 ||| Stepping randomly (stuck).
  9007 | D:6      | 9007 ||| Stepping randomly (stuck).
  9008 | D:6      | 9008 ||| Stepping randomly (stuck).
  9009 | D:6      | 9009 ||| Stepping randomly (stuck).
  9010 | D:6      | 9010 ||| Stepping randomly (stuck).
  9011 | D:6      | 9011 ||| Stepping randomly (stuck).
  9012 | D:6      | 9012 ||| Stepping randomly (stuck).
  9013 | D:6      | 9013 ||| Stepping randomly (stuck).
  9014 | D:6      | 9014 ||| Stepping randomly (stuck).
  9015 | D:6      | 9015 ||| Stepping randomly (stuck).
  9016 | D:6      | 9016 ||| Stepping randomly (stuck).
  9017 | D:6      | 9017 ||| Stepping randomly (stuck).
  9018 | D:6      | 9018 ||| Stepping randomly (stuck).
  9019 | D:6      | 9019 ||| Stepping randomly (stuck).
  9020 | D:6      | 9020 ||| Stepping randomly (stuck).
  9021 | D:6      | 9021 ||| Stepping randomly (stuck).
  9022 | D:6      | 9022 ||| Stepping randomly (stuck).
  9023 | D:6      | 9023 ||| Stepping randomly (stuck).
  9024 | D:6      | 9024 ||| Stepping randomly (stuck).
  9025 | D:6      | 9025 ||| Stepping randomly (stuck).
  9026 | D:6      | 9026 ||| Stepping randomly (stuck).
  9027 | D:6      | 9027 ||| Stepping randomly (stuck).
  9028 | D:6      | 9028 ||| Stepping randomly (stuck).
  9029 | D:6      | 9029 ||| Stepping randomly (stuck).
  9030 | D:6      | 9030 ||| Stepping randomly (stuck).
  9031 | D:6      | 9031 ||| Stepping randomly (stuck).
  9032 | D:6      | 9032 ||| Stepping randomly (stuck).
  9033 | D:6      | 9033 ||| Stepping randomly (stuck).
  9034 | D:6      | 9034 ||| Stepping randomly (stuck).
  9035 | D:6      | 9035 ||| Stepping randomly (stuck).
  9036 | D:6      | 9036 ||| Stepping randomly (stuck).
  9037 | D:6      | 9037 ||| Stepping randomly (stuck).
  9038 | D:6      | 9038 ||| Stepping randomly (stuck).
  9039 | D:6      | 9039 ||| Stepping randomly (stuck).
  9040 | D:6      | 9040 ||| Stepping randomly (stuck).
  9041 | D:6      | 9041 ||| Stepping randomly (stuck).
  9042 | D:6      | 9042 ||| Stepping randomly (stuck).
  9043 | D:6      | 9043 ||| Stepping randomly (stuck).
  9044 | D:6      | 9044 ||| Stepping randomly (stuck).
  9045 | D:6      | 9045 ||| Stepping randomly (stuck).
  9046 | D:6      | 9046 ||| Stepping randomly (stuck).
  9047 | D:6      | 9047 ||| Stepping randomly (stuck).
  9048 | D:6      | 9048 ||| Stepping randomly (stuck).
  9049 | D:6      | 9049 ||| Stepping randomly (stuck).
  9050 | D:6      | 9050 ||| Stepping randomly (stuck).
  9051 | D:6      | 9051 ||| Stepping randomly (stuck).
  9052 | D:6      | 9052 ||| Stepping randomly (stuck).
  9053 | D:6      | 9053 ||| Stepping randomly (stuck).
  9054 | D:6      | 9054 ||| Stepping randomly (stuck).
  9055 | D:6      | 9055 ||| Stepping randomly (stuck).
  9056 | D:6      | 9056 ||| Stepping randomly (stuck).
  9057 | D:6      | 9057 ||| Stepping randomly (stuck).
  9058 | D:6      | 9058 ||| Stepping randomly (stuck).
  9059 | D:6      | 9059 ||| Stepping randomly (stuck).
  9060 | D:6      | 9060 ||| Stepping randomly (stuck).
  9061 | D:6      | 9061 ||| Stepping randomly (stuck).
  9062 | D:6      | 9062 ||| Stepping randomly (stuck).
  9063 | D:6      | 9063 ||| Stepping randomly (stuck).
  9064 | D:6      | 9064 ||| Stepping randomly (stuck).
  9065 | D:6      | 9065 ||| Stepping randomly (stuck).
  9066 | D:6      | 9066 ||| Stepping randomly (stuck).
  9067 | D:6      | 9067 ||| Stepping randomly (stuck).
  9068 | D:6      | 9068 ||| Stepping randomly (stuck).
  9069 | D:6      | 9069 ||| Stepping randomly (stuck).
  9070 | D:6      | 9070 ||| Stepping randomly (stuck).
  9071 | D:6      | 9071 ||| Stepping randomly (stuck).
  9072 | D:6      | 9072 ||| Stepping randomly (stuck).
  9073 | D:6      | 9073 ||| Stepping randomly (stuck).
  9074 | D:6      | 9074 ||| Stepping randomly (stuck).
  9075 | D:6      | 9075 ||| Stepping randomly (stuck).
  9076 | D:6      | 9076 ||| Stepping randomly (stuck).
  9077 | D:6      | 9077 ||| Stepping randomly (stuck).
  9078 | D:6      | 9078 ||| Stepping randomly (stuck).
  9079 | D:6      | 9079 ||| Stepping randomly (stuck).
  9080 | D:6      | 9080 ||| Stepping randomly (stuck).
  9081 | D:6      | 9081 ||| Stepping randomly (stuck).
  9082 | D:6      | 9082 ||| Stepping randomly (stuck).
  9083 | D:6      | 9083 ||| Stepping randomly (stuck).
  9084 | D:6      | 9084 ||| Stepping randomly (stuck).
  9085 | D:6      | 9085 ||| Stepping randomly (stuck).
  9086 | D:6      | 9086 ||| Stepping randomly (stuck).
  9087 | D:6      | 9087 ||| Stepping randomly (stuck).
  9088 | D:6      | 9088 ||| Stepping randomly (stuck).
  9089 | D:6      | 9089 ||| Stepping randomly (stuck).
  9090 | D:6      | 9090 ||| Stepping randomly (stuck).
  9091 | D:6      | 9091 ||| Stepping randomly (stuck).
  9092 | D:6      | 9092 ||| Stepping randomly (stuck).
  9093 | D:6      | 9093 ||| Stepping randomly (stuck).
  9094 | D:6      | 9094 ||| Stepping randomly (stuck).
  9095 | D:6      | 9095 ||| Stepping randomly (stuck).
  9096 | D:6      | 9096 ||| Stepping randomly (stuck).
  9097 | D:6      | 9097 ||| Stepping randomly (stuck).
  9098 | D:6      | 9098 ||| Stepping randomly (stuck).
  9099 | D:6      | 9099 ||| Stepping randomly (stuck).
  9100 | D:6      | 9100 ||| Stepping randomly (stuck).
  9101 | D:6      | 9101 ||| Stepping randomly (stuck).
  9102 | D:6      | 9102 ||| Stepping randomly (stuck).
  9103 | D:6      | 9103 ||| Stepping randomly (stuck).
  9104 | D:6      | 9104 ||| Stepping randomly (stuck).
  9105 | D:6      | 9105 ||| Stepping randomly (stuck).
  9106 | D:6      | 9106 ||| Stepping randomly (stuck).
  9107 | D:6      | 9107 ||| Stepping randomly (stuck).
  9108 | D:6      | 9108 ||| Stepping randomly (stuck).
  9109 | D:6      | 9109 ||| Stepping randomly (stuck).
  9110 | D:6      | 9110 ||| Stepping randomly (stuck).
  9111 | D:6      | 9111 ||| Stepping randomly (stuck).
  9112 | D:6      | 9112 ||| Stepping randomly (stuck).
  9113 | D:6      | 9113 ||| Stepping randomly (stuck).
  9114 | D:6      | 9114 ||| Stepping randomly (stuck).
  9115 | D:6      | 9115 ||| Stepping randomly (stuck).
  9116 | D:6      | 9116 ||| Stepping randomly (stuck).
  9117 | D:6      | 9117 ||| Stepping randomly (stuck).
  9118 | D:6      | 9118 ||| Stepping randomly (stuck).
  9119 | D:6      | 9119 ||| Stepping randomly (stuck).
  9120 | D:6      | 9120 ||| Stepping randomly (stuck).
  9121 | D:6      | 9121 ||| Stepping randomly (stuck).
  9122 | D:6      | 9122 ||| Stepping randomly (stuck).
  9123 | D:6      | 9123 ||| Stepping randomly (stuck).
  9124 | D:6      | 9124 ||| Stepping randomly (stuck).
  9125 | D:6      | 9125 ||| Stepping randomly (stuck).
  9126 | D:6      | 9126 ||| Stepping randomly (stuck).
  9127 | D:6      | 9127 ||| Stepping randomly (stuck).
  9128 | D:6      | 9128 ||| Stepping randomly (stuck).
  9129 | D:6      | 9129 ||| Stepping randomly (stuck).
  9130 | D:6      | 9130 ||| Stepping randomly (stuck).
  9131 | D:6      | 9131 ||| Stepping randomly (stuck).
  9132 | D:6      | 9132 ||| Stepping randomly (stuck).
  9133 | D:6      | 9133 ||| Stepping randomly (stuck).
  9134 | D:6      | 9134 ||| Stepping randomly (stuck).
  9135 | D:6      | 9135 ||| Stepping randomly (stuck).
  9136 | D:6      | 9136 ||| Stepping randomly (stuck).
  9137 | D:6      | 9137 ||| Stepping randomly (stuck).
  9138 | D:6      | 9138 ||| Stepping randomly (stuck).
  9139 | D:6      | 9139 ||| Stepping randomly (stuck).
  9140 | D:6      | 9140 ||| Stepping randomly (stuck).
  9141 | D:6      | 9141 ||| Stepping randomly (stuck).
  9142 | D:6      | 9142 ||| Stepping randomly (stuck).
  9143 | D:6      | 9143 ||| Stepping randomly (stuck).
  9144 | D:6      | 9144 ||| Stepping randomly (stuck).
  9145 | D:6      | 9145 ||| Stepping randomly (stuck).
  9146 | D:6      | 9146 ||| Stepping randomly (stuck).
  9147 | D:6      | 9147 ||| Stepping randomly (stuck).
  9148 | D:6      | 9148 ||| Stepping randomly (stuck).
  9149 | D:6      | 9149 ||| Stepping randomly (stuck).
  9150 | D:6      | 9150 ||| Stepping randomly (stuck).
  9151 | D:6      | 9151 ||| Stepping randomly (stuck).
  9152 | D:6      | 9152 ||| Stepping randomly (stuck).
  9153 | D:6      | 9153 ||| Stepping randomly (stuck).
  9154 | D:6      | 9154 ||| Stepping randomly (stuck).
  9155 | D:6      | 9155 ||| Stepping randomly (stuck).
  9156 | D:6      | 9156 ||| Stepping randomly (stuck).
  9157 | D:6      | 9157 ||| Stepping randomly (stuck).
  9158 | D:6      | 9158 ||| Stepping randomly (stuck).
  9159 | D:6      | 9159 ||| Stepping randomly (stuck).
  9160 | D:6      | 9160 ||| Stepping randomly (stuck).
  9161 | D:6      | 9161 ||| Stepping randomly (stuck).
  9162 | D:6      | 9162 ||| Stepping randomly (stuck).
  9163 | D:6      | 9163 ||| Stepping randomly (stuck).
  9164 | D:6      | 9164 ||| Stepping randomly (stuck).
  9165 | D:6      | 9165 ||| Stepping randomly (stuck).
  9166 | D:6      | 9166 ||| Stepping randomly (stuck).
  9167 | D:6      | 9167 ||| Stepping randomly (stuck).
  9168 | D:6      | 9168 ||| Stepping randomly (stuck).
  9169 | D:6      | 9169 ||| Stepping randomly (stuck).
  9170 | D:6      | 9170 ||| Stepping randomly (stuck).
  9171 | D:6      | 9171 ||| Stepping randomly (stuck).
  9172 | D:6      | 9172 ||| Stepping randomly (stuck).
  9173 | D:6      | 9173 ||| Stepping randomly (stuck).
  9174 | D:6      | 9174 ||| Stepping randomly (stuck).
  9175 | D:6      | 9175 ||| Stepping randomly (stuck).
  9176 | D:6      | 9176 ||| Stepping randomly (stuck).
  9177 | D:6      | 9177 ||| Stepping randomly (stuck).
  9178 | D:6      | 9178 ||| Stepping randomly (stuck).
  9179 | D:6      | 9179 ||| Stepping randomly (stuck).
  9180 | D:6      | 9180 ||| Stepping randomly (stuck).
  9181 | D:6      | 9181 ||| Stepping randomly (stuck).
  9182 | D:6      | 9182 ||| Stepping randomly (stuck).
  9183 | D:6      | 9183 ||| Stepping randomly (stuck).
  9184 | D:6      | 9184 ||| Stepping randomly (stuck).
  9185 | D:6      | 9185 ||| Stepping randomly (stuck).
  9186 | D:6      | 9186 ||| Stepping randomly (stuck).
  9187 | D:6      | 9187 ||| Stepping randomly (stuck).
  9188 | D:6      | 9188 ||| Stepping randomly (stuck).
  9189 | D:6      | 9189 ||| Stepping randomly (stuck).
  9190 | D:6      | 9190 ||| Stepping randomly (stuck).
  9191 | D:6      | 9191 ||| Stepping randomly (stuck).
  9192 | D:6      | 9192 ||| Stepping randomly (stuck).
  9193 | D:6      | 9193 ||| Stepping randomly (stuck).
  9194 | D:6      | 9194 ||| Stepping randomly (stuck).
  9195 | D:6      | 9195 ||| Stepping randomly (stuck).
  9196 | D:6      | 9196 ||| Stepping randomly (stuck).
  9197 | D:6      | 9197 ||| Stepping randomly (stuck).
  9198 | D:6      | 9198 ||| Stepping randomly (stuck).
  9199 | D:6      | 9199 ||| Stepping randomly (stuck).
  9200 | D:6      | 9200 ||| Stepping randomly (stuck).
  9201 | D:6      | 9201 ||| Stepping randomly (stuck).
  9202 | D:6      | 9202 ||| Stepping randomly (stuck).
  9203 | D:6      | 9203 ||| Stepping randomly (stuck).
  9204 | D:6      | 9204 ||| Stepping randomly (stuck).
  9205 | D:6      | 9205 ||| Stepping randomly (stuck).
  9206 | D:6      | 9206 ||| Stepping randomly (stuck).
  9207 | D:6      | 9207 ||| Stepping randomly (stuck).
  9208 | D:6      | 9208 ||| Stepping randomly (stuck).
  9209 | D:6      | 9209 ||| Stepping randomly (stuck).
  9210 | D:6      | 9210 ||| Stepping randomly (stuck).
  9211 | D:6      | 9211 ||| Stepping randomly (stuck).
  9212 | D:6      | 9212 ||| Stepping randomly (stuck).
  9213 | D:6      | 9213 ||| Stepping randomly (stuck).
  9214 | D:6      | 9214 ||| Stepping randomly (stuck).
  9215 | D:6      | 9215 ||| Stepping randomly (stuck).
  9216 | D:6      | 9216 ||| Stepping randomly (stuck).
  9217 | D:6      | 9217 ||| Stepping randomly (stuck).
  9218 | D:6      | 9218 ||| Stepping randomly (stuck).
  9219 | D:6      | 9219 ||| Stepping randomly (stuck).
  9220 | D:6      | 9220 ||| Stepping randomly (stuck).
  9221 | D:6      | 9221 ||| Stepping randomly (stuck).
  9222 | D:6      | 9222 ||| Stepping randomly (stuck).
  9223 | D:6      | 9223 ||| Stepping randomly (stuck).
  9224 | D:6      | 9224 ||| Stepping randomly (stuck).
  9225 | D:6      | 9225 ||| Stepping randomly (stuck).
  9226 | D:6      | 9226 ||| Stepping randomly (stuck).
  9227 | D:6      | 9227 ||| Stepping randomly (stuck).
  9228 | D:6      | 9228 ||| Stepping randomly (stuck).
  9229 | D:6      | 9229 ||| Stepping randomly (stuck).
  9230 | D:6      | 9230 ||| Stepping randomly (stuck).
  9231 | D:6      | 9231 ||| Stepping randomly (stuck).
  9232 | D:6      | 9232 ||| Stepping randomly (stuck).
  9233 | D:6      | 9233 ||| Stepping randomly (stuck).
  9234 | D:6      | 9234 ||| Stepping randomly (stuck).
  9235 | D:6      | 9235 ||| Stepping randomly (stuck).
  9236 | D:6      | 9236 ||| Stepping randomly (stuck).
  9237 | D:6      | 9237 ||| Stepping randomly (stuck).
  9238 | D:6      | 9238 ||| Stepping randomly (stuck).
  9239 | D:6      | 9239 ||| Stepping randomly (stuck).
  9240 | D:6      | 9240 ||| Stepping randomly (stuck).
  9241 | D:6      | 9241 ||| Stepping randomly (stuck).
  9242 | D:6      | 9242 ||| Stepping randomly (stuck).
  9243 | D:6      | 9243 ||| Stepping randomly (stuck).
  9244 | D:6      | 9244 ||| Stepping randomly (stuck).
  9245 | D:6      | 9245 ||| Stepping randomly (stuck).
  9246 | D:6      | 9246 ||| Stepping randomly (stuck).
  9247 | D:6      | 9247 ||| Stepping randomly (stuck).
  9248 | D:6      | 9248 ||| Stepping randomly (stuck).
  9249 | D:6      | 9249 ||| Stepping randomly (stuck).
  9250 | D:6      | 9250 ||| Stepping randomly (stuck).
  9251 | D:6      | 9251 ||| Stepping randomly (stuck).
  9252 | D:6      | 9252 ||| Stepping randomly (stuck).
  9253 | D:6      | 9253 ||| Stepping randomly (stuck).
  9254 | D:6      | 9254 ||| Stepping randomly (stuck).
  9255 | D:6      | 9255 ||| Stepping randomly (stuck).
  9256 | D:6      | 9256 ||| Stepping randomly (stuck).
  9257 | D:6      | 9257 ||| Stepping randomly (stuck).
  9258 | D:6      | 9258 ||| Stepping randomly (stuck).
  9259 | D:6      | 9259 ||| Stepping randomly (stuck).
  9260 | D:6      | 9260 ||| Stepping randomly (stuck).
  9261 | D:6      | 9261 ||| Stepping randomly (stuck).
  9262 | D:6      | 9262 ||| Stepping randomly (stuck).
  9263 | D:6      | 9263 ||| Stepping randomly (stuck).
  9264 | D:6      | 9264 ||| Stepping randomly (stuck).
  9265 | D:6      | 9265 ||| Stepping randomly (stuck).
  9266 | D:6      | 9266 ||| Stepping randomly (stuck).
  9267 | D:6      | 9267 ||| Stepping randomly (stuck).
  9268 | D:6      | 9268 ||| Stepping randomly (stuck).
  9269 | D:6      | 9269 ||| Stepping randomly (stuck).
  9270 | D:6      | 9270 ||| Stepping randomly (stuck).
  9271 | D:6      | 9271 ||| Stepping randomly (stuck).
  9272 | D:6      | 9272 ||| Stepping randomly (stuck).
  9273 | D:6      | 9273 ||| Stepping randomly (stuck).
  9274 | D:6      | 9274 ||| Stepping randomly (stuck).
  9275 | D:6      | 9275 ||| Stepping randomly (stuck).
  9276 | D:6      | 9276 ||| Stepping randomly (stuck).
  9277 | D:6      | 9277 ||| Stepping randomly (stuck).
  9278 | D:6      | 9278 ||| Stepping randomly (stuck).
  9279 | D:6      | 9279 ||| Stepping randomly (stuck).
  9280 | D:6      | 9280 ||| Stepping randomly (stuck).
  9281 | D:6      | 9281 ||| Stepping randomly (stuck).
  9282 | D:6      | 9282 ||| Stepping randomly (stuck).
  9283 | D:6      | 9283 ||| Stepping randomly (stuck).
  9284 | D:6      | 9284 ||| Stepping randomly (stuck).
  9285 | D:6      | 9285 ||| Stepping randomly (stuck).
  9286 | D:6      | 9286 ||| Stepping randomly (stuck).
  9287 | D:6      | 9287 ||| Stepping randomly (stuck).
  9288 | D:6      | 9288 ||| Stepping randomly (stuck).
  9289 | D:6      | 9289 ||| Stepping randomly (stuck).
  9290 | D:6      | 9290 ||| Stepping randomly (stuck).
  9291 | D:6      | 9291 ||| Stepping randomly (stuck).
  9292 | D:6      | 9292 ||| Stepping randomly (stuck).
  9293 | D:6      | 9293 ||| Stepping randomly (stuck).
  9294 | D:6      | 9294 ||| Stepping randomly (stuck).
  9295 | D:6      | 9295 ||| Stepping randomly (stuck).
  9296 | D:6      | 9296 ||| Stepping randomly (stuck).
  9297 | D:6      | 9297 ||| Stepping randomly (stuck).
  9298 | D:6      | 9298 ||| Stepping randomly (stuck).
  9299 | D:6      | 9299 ||| Stepping randomly (stuck).
  9300 | D:6      | 9300 ||| Stepping randomly (stuck).
  9301 | D:6      | 9301 ||| Stepping randomly (stuck).
  9302 | D:6      | 9302 ||| Stepping randomly (stuck).
  9303 | D:6      | 9303 ||| Stepping randomly (stuck).
  9304 | D:6      | 9304 ||| Stepping randomly (stuck).
  9305 | D:6      | 9305 ||| Stepping randomly (stuck).
  9306 | D:6      | 9306 ||| Stepping randomly (stuck).
  9307 | D:6      | 9307 ||| Stepping randomly (stuck).
  9308 | D:6      | 9308 ||| Stepping randomly (stuck).
  9309 | D:6      | 9309 ||| Stepping randomly (stuck).
  9310 | D:6      | 9310 ||| Stepping randomly (stuck).
  9311 | D:6      | 9311 ||| Stepping randomly (stuck).
  9312 | D:6      | 9312 ||| Stepping randomly (stuck).
  9313 | D:6      | 9313 ||| Stepping randomly (stuck).
  9314 | D:6      | 9314 ||| Stepping randomly (stuck).
  9315 | D:6      | 9315 ||| Stepping randomly (stuck).
  9316 | D:6      | 9316 ||| Stepping randomly (stuck).
  9317 | D:6      | 9317 ||| Stepping randomly (stuck).
  9318 | D:6      | 9318 ||| Stepping randomly (stuck).
  9319 | D:6      | 9319 ||| Stepping randomly (stuck).
  9320 | D:6      | 9320 ||| Stepping randomly (stuck).
  9321 | D:6      | 9321 ||| Stepping randomly (stuck).
  9322 | D:6      | 9322 ||| Stepping randomly (stuck).
  9323 | D:6      | 9323 ||| Stepping randomly (stuck).
  9324 | D:6      | 9324 ||| Stepping randomly (stuck).
  9325 | D:6      | 9325 ||| Stepping randomly (stuck).
  9326 | D:6      | 9326 ||| Stepping randomly (stuck).
  9327 | D:6      | 9327 ||| Stepping randomly (stuck).
  9328 | D:6      | 9328 ||| Stepping randomly (stuck).
  9329 | D:6      | 9329 ||| Stepping randomly (stuck).
  9330 | D:6      | 9330 ||| Stepping randomly (stuck).
  9331 | D:6      | 9331 ||| Stepping randomly (stuck).
  9332 | D:6      | 9332 ||| Stepping randomly (stuck).
  9333 | D:6      | 9333 ||| Stepping randomly (stuck).
  9334 | D:6      | 9334 ||| Stepping randomly (stuck).
  9335 | D:6      | 9335 ||| Stepping randomly (stuck).
  9336 | D:6      | 9336 ||| Stepping randomly (stuck).
  9337 | D:6      | 9337 ||| Stepping randomly (stuck).
  9338 | D:6      | 9338 ||| Stepping randomly (stuck).
  9339 | D:6      | 9339 ||| Stepping randomly (stuck).
  9340 | D:6      | 9340 ||| Stepping randomly (stuck).
  9341 | D:6      | 9341 ||| Stepping randomly (stuck).
  9342 | D:6      | 9342 ||| Stepping randomly (stuck).
  9343 | D:6      | 9343 ||| Stepping randomly (stuck).
  9344 | D:6      | 9344 ||| Stepping randomly (stuck).
  9345 | D:6      | 9345 ||| Stepping randomly (stuck).
  9346 | D:6      | 9346 ||| Stepping randomly (stuck).
  9347 | D:6      | 9347 ||| Stepping randomly (stuck).
  9348 | D:6      | 9348 ||| Stepping randomly (stuck).
  9349 | D:6      | 9349 ||| Stepping randomly (stuck).
  9350 | D:6      | 9350 ||| Stepping randomly (stuck).
  9351 | D:6      | 9351 ||| Stepping randomly (stuck).
  9352 | D:6      | 9352 ||| Stepping randomly (stuck).
  9353 | D:6      | 9353 ||| Stepping randomly (stuck).
  9354 | D:6      | 9354 ||| Stepping randomly (stuck).
  9355 | D:6      | 9355 ||| Stepping randomly (stuck).
  9356 | D:6      | 9356 ||| Stepping randomly (stuck).
  9357 | D:6      | 9357 ||| Stepping randomly (stuck).
  9358 | D:6      | 9358 ||| Stepping randomly (stuck).
  9359 | D:6      | 9359 ||| Stepping randomly (stuck).
  9360 | D:6      | 9360 ||| Stepping randomly (stuck).
  9361 | D:6      | 9361 ||| Stepping randomly (stuck).
  9362 | D:6      | 9362 ||| Stepping randomly (stuck).
  9363 | D:6      | 9363 ||| Stepping randomly (stuck).
  9364 | D:6      | 9364 ||| Stepping randomly (stuck).
  9365 | D:6      | 9365 ||| Stepping randomly (stuck).
  9366 | D:6      | 9366 ||| Stepping randomly (stuck).
  9367 | D:6      | 9367 ||| Stepping randomly (stuck).
  9368 | D:6      | 9368 ||| Stepping randomly (stuck).
  9369 | D:6      | 9369 ||| Stepping randomly (stuck).
  9370 | D:6      | 9370 ||| Stepping randomly (stuck).
  9371 | D:6      | 9371 ||| Stepping randomly (stuck).
  9372 | D:6      | 9372 ||| Stepping randomly (stuck).
  9373 | D:6      | 9373 ||| Stepping randomly (stuck).
  9374 | D:6      | 9374 ||| Stepping randomly (stuck).
  9375 | D:6      | 9375 ||| Stepping randomly (stuck).
  9376 | D:6      | 9376 ||| Stepping randomly (stuck).
  9377 | D:6      | 9377 ||| Stepping randomly (stuck).
  9378 | D:6      | 9378 ||| Stepping randomly (stuck).
  9379 | D:6      | 9379 ||| Stepping randomly (stuck).
  9380 | D:6      | 9380 ||| Stepping randomly (stuck).
  9381 | D:6      | 9381 ||| Stepping randomly (stuck).
  9382 | D:6      | 9382 ||| Stepping randomly (stuck).
  9383 | D:6      | 9383 ||| Stepping randomly (stuck).
  9384 | D:6      | 9384 ||| Stepping randomly (stuck).
  9385 | D:6      | 9385 ||| Stepping randomly (stuck).
  9386 | D:6      | 9386 ||| Stepping randomly (stuck).
  9387 | D:6      | 9387 ||| Stepping randomly (stuck).
  9388 | D:6      | 9388 ||| Stepping randomly (stuck).
  9389 | D:6      | 9389 ||| Stepping randomly (stuck).
  9390 | D:6      | 9390 ||| Stepping randomly (stuck).
  9391 | D:6      | 9391 ||| Stepping randomly (stuck).
  9392 | D:6      | 9392 ||| Stepping randomly (stuck).
  9393 | D:6      | 9393 ||| Stepping randomly (stuck).
  9394 | D:6      | 9394 ||| Stepping randomly (stuck).
  9395 | D:6      | 9395 ||| Stepping randomly (stuck).
  9396 | D:6      | 9396 ||| Stepping randomly (stuck).
  9397 | D:6      | 9397 ||| Stepping randomly (stuck).
  9398 | D:6      | 9398 ||| Stepping randomly (stuck).
  9399 | D:6      | 9399 ||| Stepping randomly (stuck).
  9400 | D:6      | 9400 ||| Stepping randomly (stuck).
  9401 | D:6      | 9401 ||| Stepping randomly (stuck).
  9402 | D:6      | 9402 ||| Stepping randomly (stuck).
  9403 | D:6      | 9403 ||| Stepping randomly (stuck).
  9404 | D:6      | 9404 ||| Stepping randomly (stuck).
  9405 | D:6      | 9405 ||| Stepping randomly (stuck).
  9406 | D:6      | 9406 ||| Stepping randomly (stuck).
  9407 | D:6      | 9407 ||| Stepping randomly (stuck).
  9408 | D:6      | 9408 ||| Stepping randomly (stuck).
  9409 | D:6      | 9409 ||| Stepping randomly (stuck).
  9410 | D:6      | 9410 ||| Stepping randomly (stuck).
  9411 | D:6      | 9411 ||| Stepping randomly (stuck).
  9412 | D:6      | 9412 ||| Stepping randomly (stuck).
  9413 | D:6      | 9413 ||| Stepping randomly (stuck).
  9414 | D:6      | 9414 ||| Stepping randomly (stuck).
  9415 | D:6      | 9415 ||| Stepping randomly (stuck).
  9416 | D:6      | 9416 ||| Stepping randomly (stuck).
  9417 | D:6      | 9417 ||| Stepping randomly (stuck).
  9418 | D:6      | 9418 ||| Stepping randomly (stuck).
  9419 | D:6      | 9419 ||| Stepping randomly (stuck).
  9420 | D:6      | 9420 ||| Stepping randomly (stuck).
  9421 | D:6      | 9421 ||| Stepping randomly (stuck).
  9422 | D:6      | 9422 ||| Stepping randomly (stuck).
  9423 | D:6      | 9423 ||| Stepping randomly (stuck).
  9424 | D:6      | 9424 ||| Stepping randomly (stuck).
  9425 | D:6      | 9425 ||| Stepping randomly (stuck).
  9426 | D:6      | 9426 ||| Stepping randomly (stuck).
  9427 | D:6      | 9427 ||| Stepping randomly (stuck).
  9428 | D:6      | 9428 ||| Stepping randomly (stuck).
  9429 | D:6      | 9429 ||| Stepping randomly (stuck).
  9430 | D:6      | 9430 ||| Stepping randomly (stuck).
  9431 | D:6      | 9431 ||| Stepping randomly (stuck).
  9432 | D:6      | 9432 ||| Stepping randomly (stuck).
  9433 | D:6      | 9433 ||| Stepping randomly (stuck).
  9434 | D:6      | 9434 ||| Stepping randomly (stuck).
  9435 | D:6      | 9435 ||| Stepping randomly (stuck).
  9436 | D:6      | 9436 ||| Stepping randomly (stuck).
  9437 | D:6      | 9437 ||| Stepping randomly (stuck).
  9438 | D:6      | 9438 ||| Stepping randomly (stuck).
  9439 | D:6      | 9439 ||| Stepping randomly (stuck).
  9440 | D:6      | 9440 ||| Stepping randomly (stuck).
  9441 | D:6      | 9441 ||| Stepping randomly (stuck).
  9442 | D:6      | 9442 ||| Stepping randomly (stuck).
  9443 | D:6      | 9443 ||| Stepping randomly (stuck).
  9444 | D:6      | 9444 ||| Stepping randomly (stuck).
  9445 | D:6      | 9445 ||| Stepping randomly (stuck).
  9446 | D:6      | 9446 ||| Stepping randomly (stuck).
  9447 | D:6      | 9447 ||| Stepping randomly (stuck).
  9448 | D:6      | 9448 ||| Stepping randomly (stuck).
  9449 | D:6      | 9449 ||| Stepping randomly (stuck).
  9450 | D:6      | 9450 ||| Stepping randomly (stuck).
  9451 | D:6      | 9451 ||| Stepping randomly (stuck).
  9452 | D:6      | 9452 ||| Stepping randomly (stuck).
  9453 | D:6      | 9453 ||| Stepping randomly (stuck).
  9454 | D:6      | 9454 ||| Stepping randomly (stuck).
  9455 | D:6      | 9455 ||| Stepping randomly (stuck).
  9456 | D:6      | 9456 ||| Stepping randomly (stuck).
  9457 | D:6      | 9457 ||| Stepping randomly (stuck).
  9458 | D:6      | 9458 ||| Stepping randomly (stuck).
  9459 | D:6      | 9459 ||| Stepping randomly (stuck).
  9460 | D:6      | 9460 ||| Stepping randomly (stuck).
  9461 | D:6      | 9461 ||| Stepping randomly (stuck).
  9462 | D:6      | 9462 ||| Stepping randomly (stuck).
  9463 | D:6      | 9463 ||| Stepping randomly (stuck).
  9464 | D:6      | 9464 ||| Stepping randomly (stuck).
  9465 | D:6      | 9465 ||| Stepping randomly (stuck).
  9466 | D:6      | 9466 ||| Stepping randomly (stuck).
  9467 | D:6      | 9467 ||| Stepping randomly (stuck).
  9468 | D:6      | 9468 ||| Stepping randomly (stuck).
  9469 | D:6      | 9469 ||| Stepping randomly (stuck).
  9470 | D:6      | 9470 ||| Stepping randomly (stuck).
  9471 | D:6      | 9471 ||| Stepping randomly (stuck).
  9472 | D:6      | 9472 ||| Stepping randomly (stuck).
  9473 | D:6      | 9473 ||| Stepping randomly (stuck).
  9474 | D:6      | 9474 ||| Stepping randomly (stuck).
  9475 | D:6      | 9475 ||| Stepping randomly (stuck).
  9476 | D:6      | 9476 ||| Stepping randomly (stuck).
  9477 | D:6      | 9477 ||| Stepping randomly (stuck).
  9478 | D:6      | 9478 ||| Stepping randomly (stuck).
  9479 | D:6      | 9479 ||| Stepping randomly (stuck).
  9480 | D:6      | 9480 ||| Stepping randomly (stuck).
  9481 | D:6      | 9481 ||| Stepping randomly (stuck).
  9482 | D:6      | 9482 ||| Stepping randomly (stuck).
  9483 | D:6      | 9483 ||| Stepping randomly (stuck).
  9484 | D:6      | 9484 ||| Stepping randomly (stuck).
  9485 | D:6      | 9485 ||| Stepping randomly (stuck).
  9486 | D:6      | 9486 ||| Stepping randomly (stuck).
  9487 | D:6      | 9487 ||| Stepping randomly (stuck).
  9488 | D:6      | 9488 ||| Stepping randomly (stuck).
  9489 | D:6      | 9489 ||| Stepping randomly (stuck).
  9490 | D:6      | 9490 ||| Stepping randomly (stuck).
  9491 | D:6      | 9491 ||| Stepping randomly (stuck).
  9492 | D:6      | 9492 ||| Stepping randomly (stuck).
  9493 | D:6      | 9493 ||| Stepping randomly (stuck).
  9494 | D:6      | 9494 ||| Stepping randomly (stuck).
  9495 | D:6      | 9495 ||| Stepping randomly (stuck).
  9496 | D:6      | 9496 ||| Stepping randomly (stuck).
  9497 | D:6      | 9497 ||| Stepping randomly (stuck).
  9498 | D:6      | 9498 ||| Stepping randomly (stuck).
  9499 | D:6      | 9499 ||| Stepping randomly (stuck).
  9500 | D:6      | 9500 ||| Stepping randomly (stuck).
  9501 | D:6      | 9501 ||| Stepping randomly (stuck).
  9502 | D:6      | 9502 ||| Stepping randomly (stuck).
  9503 | D:6      | 9503 ||| Stepping randomly (stuck).
  9504 | D:6      | 9504 ||| Stepping randomly (stuck).
  9505 | D:6      | 9505 ||| Stepping randomly (stuck).
  9506 | D:6      | 9506 ||| Stepping randomly (stuck).
  9507 | D:6      | 9507 ||| Stepping randomly (stuck).
  9508 | D:6      | 9508 ||| Stepping randomly (stuck).
  9509 | D:6      | 9509 ||| Stepping randomly (stuck).
  9510 | D:6      | 9510 ||| Stepping randomly (stuck).
  9511 | D:6      | 9511 ||| Stepping randomly (stuck).
  9512 | D:6      | 9512 ||| Stepping randomly (stuck).
  9513 | D:6      | 9513 ||| Stepping randomly (stuck).
  9514 | D:6      | 9514 ||| Stepping randomly (stuck).
  9515 | D:6      | 9515 ||| Stepping randomly (stuck).
  9516 | D:6      | 9516 ||| Stepping randomly (stuck).
  9517 | D:6      | 9517 ||| Stepping randomly (stuck).
  9518 | D:6      | 9518 ||| Stepping randomly (stuck).
  9519 | D:6      | 9519 ||| Stepping randomly (stuck).
  9520 | D:6      | 9520 ||| Stepping randomly (stuck).
  9521 | D:6      | 9521 ||| Stepping randomly (stuck).
  9522 | D:6      | 9522 ||| Stepping randomly (stuck).
  9523 | D:6      | 9523 ||| Stepping randomly (stuck).
  9524 | D:6      | 9524 ||| Stepping randomly (stuck).
  9525 | D:6      | 9525 ||| Stepping randomly (stuck).
  9526 | D:6      | 9526 ||| Stepping randomly (stuck).
  9527 | D:6      | 9527 ||| Stepping randomly (stuck).
  9528 | D:6      | 9528 ||| Stepping randomly (stuck).
  9529 | D:6      | 9529 ||| Stepping randomly (stuck).
  9530 | D:6      | 9530 ||| Stepping randomly (stuck).
  9531 | D:6      | 9531 ||| Stepping randomly (stuck).
  9532 | D:6      | 9532 ||| Stepping randomly (stuck).
  9533 | D:6      | 9533 ||| Stepping randomly (stuck).
  9534 | D:6      | 9534 ||| Stepping randomly (stuck).
  9535 | D:6      | 9535 ||| Stepping randomly (stuck).
  9536 | D:6      | 9536 ||| Stepping randomly (stuck).
  9537 | D:6      | 9537 ||| Stepping randomly (stuck).
  9538 | D:6      | 9538 ||| Stepping randomly (stuck).
  9539 | D:6      | 9539 ||| Stepping randomly (stuck).
  9540 | D:6      | 9540 ||| Stepping randomly (stuck).
  9541 | D:6      | 9541 ||| Stepping randomly (stuck).
  9542 | D:6      | 9542 ||| Stepping randomly (stuck).
  9543 | D:6      | 9543 ||| Stepping randomly (stuck).
  9544 | D:6      | 9544 ||| Stepping randomly (stuck).
  9545 | D:6      | 9545 ||| Stepping randomly (stuck).
  9546 | D:6      | 9546 ||| Stepping randomly (stuck).
  9547 | D:6      | 9547 ||| Stepping randomly (stuck).
  9548 | D:6      | 9548 ||| Stepping randomly (stuck).
  9549 | D:6      | 9549 ||| Stepping randomly (stuck).
  9550 | D:6      | 9550 ||| Stepping randomly (stuck).
  9551 | D:6      | 9551 ||| Stepping randomly (stuck).
  9552 | D:6      | 9552 ||| Stepping randomly (stuck).
  9553 | D:6      | 9553 ||| Stepping randomly (stuck).
  9554 | D:6      | 9554 ||| Stepping randomly (stuck).
  9555 | D:6      | 9555 ||| Stepping randomly (stuck).
  9556 | D:6      | 9556 ||| Stepping randomly (stuck).
  9557 | D:6      | 9557 ||| Stepping randomly (stuck).
  9558 | D:6      | 9558 ||| Stepping randomly (stuck).
  9559 | D:6      | 9559 ||| Stepping randomly (stuck).
  9560 | D:6      | 9560 ||| Stepping randomly (stuck).
  9561 | D:6      | 9561 ||| Stepping randomly (stuck).
  9562 | D:6      | 9562 ||| Stepping randomly (stuck).
  9563 | D:6      | 9563 ||| Stepping randomly (stuck).
  9564 | D:6      | 9564 ||| Stepping randomly (stuck).
  9565 | D:6      | 9565 ||| Stepping randomly (stuck).
  9566 | D:6      | 9566 ||| Stepping randomly (stuck).
  9567 | D:6      | 9567 ||| Stepping randomly (stuck).
  9568 | D:6      | 9568 ||| Stepping randomly (stuck).
  9569 | D:6      | 9569 ||| Stepping randomly (stuck).
  9570 | D:6      | 9570 ||| Stepping randomly (stuck).
  9571 | D:6      | 9571 ||| Stepping randomly (stuck).
  9572 | D:6      | 9572 ||| Stepping randomly (stuck).
  9573 | D:6      | 9573 ||| Stepping randomly (stuck).
  9574 | D:6      | 9574 ||| Stepping randomly (stuck).
  9575 | D:6      | 9575 ||| Stepping randomly (stuck).
  9576 | D:6      | 9576 ||| Stepping randomly (stuck).
  9577 | D:6      | 9577 ||| Stepping randomly (stuck).
  9578 | D:6      | 9578 ||| Stepping randomly (stuck).
  9579 | D:6      | 9579 ||| Stepping randomly (stuck).
  9580 | D:6      | 9580 ||| Stepping randomly (stuck).
  9581 | D:6      | 9581 ||| Stepping randomly (stuck).
  9582 | D:6      | 9582 ||| Stepping randomly (stuck).
  9583 | D:6      | 9583 ||| Stepping randomly (stuck).
  9584 | D:6      | 9584 ||| Stepping randomly (stuck).
  9585 | D:6      | 9585 ||| Stepping randomly (stuck).
  9586 | D:6      | 9586 ||| Stepping randomly (stuck).
  9587 | D:6      | 9587 ||| Stepping randomly (stuck).
  9588 | D:6      | 9588 ||| Stepping randomly (stuck).
  9589 | D:6      | 9589 ||| Stepping randomly (stuck).
  9590 | D:6      | 9590 ||| Stepping randomly (stuck).
  9591 | D:6      | 9591 ||| Stepping randomly (stuck).
  9592 | D:6      | 9592 ||| Stepping randomly (stuck).
  9593 | D:6      | 9593 ||| Stepping randomly (stuck).
  9594 | D:6      | 9594 ||| Stepping randomly (stuck).
  9595 | D:6      | 9595 ||| Stepping randomly (stuck).
  9596 | D:6      | 9596 ||| Stepping randomly (stuck).
  9597 | D:6      | 9597 ||| Stepping randomly (stuck).
  9598 | D:6      | 9598 ||| Stepping randomly (stuck).
  9599 | D:6      | 9599 ||| Stepping randomly (stuck).
  9600 | D:6      | 9600 ||| Stepping randomly (stuck).
  9601 | D:6      | 9601 ||| Stepping randomly (stuck).
  9602 | D:6      | 9602 ||| Stepping randomly (stuck).
  9603 | D:6      | 9603 ||| Stepping randomly (stuck).
  9604 | D:6      | 9604 ||| Stepping randomly (stuck).
  9605 | D:6      | 9605 ||| Stepping randomly (stuck).
  9606 | D:6      | 9606 ||| Stepping randomly (stuck).
  9607 | D:6      | 9607 ||| Stepping randomly (stuck).
  9608 | D:6      | 9608 ||| Stepping randomly (stuck).
  9609 | D:6      | 9609 ||| Stepping randomly (stuck).
  9610 | D:6      | 9610 ||| Stepping randomly (stuck).
  9611 | D:6      | 9611 ||| Stepping randomly (stuck).
  9612 | D:6      | 9612 ||| Stepping randomly (stuck).
  9613 | D:6      | 9613 ||| Stepping randomly (stuck).
  9614 | D:6      | 9614 ||| Stepping randomly (stuck).
  9615 | D:6      | 9615 ||| Stepping randomly (stuck).
  9616 | D:6      | 9616 ||| Stepping randomly (stuck).
  9617 | D:6      | 9617 ||| Stepping randomly (stuck).
  9618 | D:6      | 9618 ||| Stepping randomly (stuck).
  9619 | D:6      | 9619 ||| Stepping randomly (stuck).
  9620 | D:6      | 9620 ||| Stepping randomly (stuck).
  9621 | D:6      | 9621 ||| Stepping randomly (stuck).
  9622 | D:6      | 9622 ||| Stepping randomly (stuck).
  9623 | D:6      | 9623 ||| Stepping randomly (stuck).
  9624 | D:6      | 9624 ||| Stepping randomly (stuck).
  9625 | D:6      | 9625 ||| Stepping randomly (stuck).
  9626 | D:6      | 9626 ||| Stepping randomly (stuck).
  9627 | D:6      | 9627 ||| Stepping randomly (stuck).
  9628 | D:6      | 9628 ||| Stepping randomly (stuck).
  9629 | D:6      | 9629 ||| Stepping randomly (stuck).
  9630 | D:6      | 9630 ||| Stepping randomly (stuck).
  9631 | D:6      | 9631 ||| Stepping randomly (stuck).
  9632 | D:6      | 9632 ||| Stepping randomly (stuck).
  9633 | D:6      | 9633 ||| Stepping randomly (stuck).
  9634 | D:6      | 9634 ||| Stepping randomly (stuck).
  9635 | D:6      | 9635 ||| Stepping randomly (stuck).
  9636 | D:6      | 9636 ||| Stepping randomly (stuck).
  9637 | D:6      | 9637 ||| Stepping randomly (stuck).
  9638 | D:6      | 9638 ||| Stepping randomly (stuck).
  9639 | D:6      | 9639 ||| Stepping randomly (stuck).
  9640 | D:6      | 9640 ||| Stepping randomly (stuck).
  9641 | D:6      | 9641 ||| Stepping randomly (stuck).
  9642 | D:6      | 9642 ||| Stepping randomly (stuck).
  9643 | D:6      | 9643 ||| Stepping randomly (stuck).
  9644 | D:6      | 9644 ||| Stepping randomly (stuck).
  9645 | D:6      | 9645 ||| Stepping randomly (stuck).
  9646 | D:6      | 9646 ||| Stepping randomly (stuck).
  9647 | D:6      | 9647 ||| Stepping randomly (stuck).
  9648 | D:6      | 9648 ||| Stepping randomly (stuck).
  9649 | D:6      | 9649 ||| Stepping randomly (stuck).
  9650 | D:6      | 9650 ||| Stepping randomly (stuck).
  9651 | D:6      | 9651 ||| Stepping randomly (stuck).
  9652 | D:6      | 9652 ||| Stepping randomly (stuck).
  9653 | D:6      | 9653 ||| Stepping randomly (stuck).
  9654 | D:6      | 9654 ||| Stepping randomly (stuck).
  9655 | D:6      | 9655 ||| Stepping randomly (stuck).
  9656 | D:6      | 9656 ||| Stepping randomly (stuck).
  9657 | D:6      | 9657 ||| Stepping randomly (stuck).
  9658 | D:6      | 9658 ||| Stepping randomly (stuck).
  9659 | D:6      | 9659 ||| Stepping randomly (stuck).
  9660 | D:6      | 9660 ||| Stepping randomly (stuck).
  9661 | D:6      | 9661 ||| Stepping randomly (stuck).
  9662 | D:6      | 9662 ||| Stepping randomly (stuck).
  9663 | D:6      | 9663 ||| Stepping randomly (stuck).
  9664 | D:6      | 9664 ||| Stepping randomly (stuck).
  9665 | D:6      | 9665 ||| Stepping randomly (stuck).
  9666 | D:6      | 9666 ||| Stepping randomly (stuck).
  9667 | D:6      | 9667 ||| Stepping randomly (stuck).
  9668 | D:6      | 9668 ||| Stepping randomly (stuck).
  9669 | D:6      | 9669 ||| Stepping randomly (stuck).
  9670 | D:6      | 9670 ||| Stepping randomly (stuck).
  9671 | D:6      | 9671 ||| Stepping randomly (stuck).
  9672 | D:6      | 9672 ||| Stepping randomly (stuck).
  9673 | D:6      | 9673 ||| Stepping randomly (stuck).
  9674 | D:6      | 9674 ||| Stepping randomly (stuck).
  9675 | D:6      | 9675 ||| Stepping randomly (stuck).
  9676 | D:6      | 9676 ||| Stepping randomly (stuck).
  9677 | D:6      | 9677 ||| Stepping randomly (stuck).
  9678 | D:6      | 9678 ||| Stepping randomly (stuck).
  9679 | D:6      | 9679 ||| Stepping randomly (stuck).
  9680 | D:6      | 9680 ||| Stepping randomly (stuck).
  9681 | D:6      | 9681 ||| Stepping randomly (stuck).
  9682 | D:6      | 9682 ||| Stepping randomly (stuck).
  9683 | D:6      | 9683 ||| Stepping randomly (stuck).
  9684 | D:6      | 9684 ||| Stepping randomly (stuck).
  9685 | D:6      | 9685 ||| Stepping randomly (stuck).
  9686 | D:6      | 9686 ||| Stepping randomly (stuck).
  9687 | D:6      | 9687 ||| Stepping randomly (stuck).
  9688 | D:6      | 9688 ||| Stepping randomly (stuck).
  9689 | D:6      | 9689 ||| Stepping randomly (stuck).
  9690 | D:6      | 9690 ||| Stepping randomly (stuck).
  9691 | D:6      | 9691 ||| Stepping randomly (stuck).
  9692 | D:6      | 9692 ||| Stepping randomly (stuck).
  9693 | D:6      | 9693 ||| Stepping randomly (stuck).
  9694 | D:6      | 9694 ||| Stepping randomly (stuck).
  9695 | D:6      | 9695 ||| Stepping randomly (stuck).
  9696 | D:6      | 9696 ||| Stepping randomly (stuck).
  9697 | D:6      | 9697 ||| Stepping randomly (stuck).
  9698 | D:6      | 9698 ||| Stepping randomly (stuck).
  9699 | D:6      | 9699 ||| Stepping randomly (stuck).
  9700 | D:6      | 9700 ||| Stepping randomly (stuck).
  9701 | D:6      | 9701 ||| Stepping randomly (stuck).
  9702 | D:6      | 9702 ||| Stepping randomly (stuck).
  9703 | D:6      | 9703 ||| Stepping randomly (stuck).
  9704 | D:6      | 9704 ||| Stepping randomly (stuck).
  9705 | D:6      | 9705 ||| Stepping randomly (stuck).
  9706 | D:6      | 9706 ||| Stepping randomly (stuck).
  9707 | D:6      | 9707 ||| Stepping randomly (stuck).
  9708 | D:6      | 9708 ||| Stepping randomly (stuck).
  9709 | D:6      | 9709 ||| Stepping randomly (stuck).
  9710 | D:6      | 9710 ||| Stepping randomly (stuck).
  9711 | D:6      | 9711 ||| Stepping randomly (stuck).
  9712 | D:6      | 9712 ||| Stepping randomly (stuck).
  9713 | D:6      | 9713 ||| Stepping randomly (stuck).
  9714 | D:6      | 9714 ||| Stepping randomly (stuck).
  9715 | D:6      | 9715 ||| Stepping randomly (stuck).
  9716 | D:6      | 9716 ||| Stepping randomly (stuck).
  9717 | D:6      | 9717 ||| Stepping randomly (stuck).
  9718 | D:6      | 9718 ||| Stepping randomly (stuck).
  9719 | D:6      | 9719 ||| Stepping randomly (stuck).
  9720 | D:6      | 9720 ||| Stepping randomly (stuck).
  9721 | D:6      | 9721 ||| Stepping randomly (stuck).
  9722 | D:6      | 9722 ||| Stepping randomly (stuck).
  9723 | D:6      | 9723 ||| Stepping randomly (stuck).
  9724 | D:6      | 9724 ||| Stepping randomly (stuck).
  9725 | D:6      | 9725 ||| Stepping randomly (stuck).
  9726 | D:6      | 9726 ||| Stepping randomly (stuck).
  9727 | D:6      | 9727 ||| Stepping randomly (stuck).
  9728 | D:6      | 9728 ||| Stepping randomly (stuck).
  9729 | D:6      | 9729 ||| Stepping randomly (stuck).
  9730 | D:6      | 9730 ||| Stepping randomly (stuck).
  9731 | D:6      | 9731 ||| Stepping randomly (stuck).
  9732 | D:6      | 9732 ||| Stepping randomly (stuck).
  9733 | D:6      | 9733 ||| Stepping randomly (stuck).
  9734 | D:6      | 9734 ||| Stepping randomly (stuck).
  9735 | D:6      | 9735 ||| Stepping randomly (stuck).
  9736 | D:6      | 9736 ||| Stepping randomly (stuck).
  9737 | D:6      | 9737 ||| Stepping randomly (stuck).
  9738 | D:6      | 9738 ||| Stepping randomly (stuck).
  9739 | D:6      | 9739 ||| Stepping randomly (stuck).
  9740 | D:6      | 9740 ||| Stepping randomly (stuck).
  9741 | D:6      | 9741 ||| Stepping randomly (stuck).
  9742 | D:6      | 9742 ||| Stepping randomly (stuck).
  9743 | D:6      | 9743 ||| Stepping randomly (stuck).
  9744 | D:6      | 9744 ||| Stepping randomly (stuck).
  9745 | D:6      | 9745 ||| Stepping randomly (stuck).
  9746 | D:6      | 9746 ||| Stepping randomly (stuck).
  9747 | D:6      | 9747 ||| Stepping randomly (stuck).
  9748 | D:6      | 9748 ||| Stepping randomly (stuck).
  9749 | D:6      | 9749 ||| Stepping randomly (stuck).
  9750 | D:6      | 9750 ||| Stepping randomly (stuck).
  9751 | D:6      | 9751 ||| Stepping randomly (stuck).
  9752 | D:6      | 9752 ||| Stepping randomly (stuck).
  9753 | D:6      | 9753 ||| Stepping randomly (stuck).
  9754 | D:6      | 9754 ||| Stepping randomly (stuck).
  9755 | D:6      | 9755 ||| Stepping randomly (stuck).
  9756 | D:6      | 9756 ||| Stepping randomly (stuck).
  9757 | D:6      | 9757 ||| Stepping randomly (stuck).
  9758 | D:6      | 9758 ||| Stepping randomly (stuck).
  9759 | D:6      | 9759 ||| Stepping randomly (stuck).
  9760 | D:6      | 9760 ||| Stepping randomly (stuck).
  9761 | D:6      | 9761 ||| Stepping randomly (stuck).
  9762 | D:6      | 9762 ||| Stepping randomly (stuck).
  9763 | D:6      | 9763 ||| Stepping randomly (stuck).
  9764 | D:6      | 9764 ||| Stepping randomly (stuck).
  9765 | D:6      | 9765 ||| Stepping randomly (stuck).
  9766 | D:6      | 9766 ||| Stepping randomly (stuck).
  9767 | D:6      | 9767 ||| Stepping randomly (stuck).
  9768 | D:6      | 9768 ||| Stepping randomly (stuck).
  9769 | D:6      | 9769 ||| Stepping randomly (stuck).
  9770 | D:6      | 9770 ||| Stepping randomly (stuck).
  9771 | D:6      | 9771 ||| Stepping randomly (stuck).
  9772 | D:6      | 9772 ||| Stepping randomly (stuck).
  9773 | D:6      | 9773 ||| Stepping randomly (stuck).
  9774 | D:6      | 9774 ||| Stepping randomly (stuck).
  9775 | D:6      | 9775 ||| Stepping randomly (stuck).
  9776 | D:6      | 9776 ||| Stepping randomly (stuck).
  9777 | D:6      | 9777 ||| Stepping randomly (stuck).
  9778 | D:6      | 9778 ||| Stepping randomly (stuck).
  9779 | D:6      | 9779 ||| Stepping randomly (stuck).
  9780 | D:6      | 9780 ||| Stepping randomly (stuck).
  9781 | D:6      | 9781 ||| Stepping randomly (stuck).
  9782 | D:6      | 9782 ||| Stepping randomly (stuck).
  9783 | D:6      | 9783 ||| Stepping randomly (stuck).
  9784 | D:6      | 9784 ||| Stepping randomly (stuck).
  9785 | D:6      | 9785 ||| Stepping randomly (stuck).
  9786 | D:6      | 9786 ||| Stepping randomly (stuck).
  9787 | D:6      | 9787 ||| Stepping randomly (stuck).
  9788 | D:6      | 9788 ||| Stepping randomly (stuck).
  9789 | D:6      | 9789 ||| Stepping randomly (stuck).
  9790 | D:6      | 9790 ||| Stepping randomly (stuck).
  9791 | D:6      | 9791 ||| Stepping randomly (stuck).
  9792 | D:6      | 9792 ||| Stepping randomly (stuck).
  9793 | D:6      | 9793 ||| Stepping randomly (stuck).
  9794 | D:6      | 9794 ||| Stepping randomly (stuck).
  9795 | D:6      | 9795 ||| Stepping randomly (stuck).
  9796 | D:6      | 9796 ||| Stepping randomly (stuck).
  9797 | D:6      | 9797 ||| Stepping randomly (stuck).
  9798 | D:6      | 9798 ||| Stepping randomly (stuck).
  9799 | D:6      | 9799 ||| Stepping randomly (stuck).
  9800 | D:6      | 9800 ||| Stepping randomly (stuck).
  9801 | D:6      | 9801 ||| Stepping randomly (stuck).
  9802 | D:6      | 9802 ||| Stepping randomly (stuck).
  9803 | D:6      | 9803 ||| Stepping randomly (stuck).
  9804 | D:6      | 9804 ||| Stepping randomly (stuck).
  9805 | D:6      | 9805 ||| Stepping randomly (stuck).
  9806 | D:6      | 9806 ||| Stepping randomly (stuck).
  9807 | D:6      | 9807 ||| Stepping randomly (stuck).
  9808 | D:6      | 9808 ||| Stepping randomly (stuck).
  9809 | D:6      | 9809 ||| Stepping randomly (stuck).
  9810 | D:6      | 9810 ||| Stepping randomly (stuck).
  9811 | D:6      | 9811 ||| Stepping randomly (stuck).
  9812 | D:6      | 9812 ||| Stepping randomly (stuck).
  9813 | D:6      | 9813 ||| Stepping randomly (stuck).
  9814 | D:6      | 9814 ||| Stepping randomly (stuck).
  9815 | D:6      | 9815 ||| Stepping randomly (stuck).
  9816 | D:6      | 9816 ||| Stepping randomly (stuck).
  9817 | D:6      | 9817 ||| Stepping randomly (stuck).
  9818 | D:6      | 9818 ||| Stepping randomly (stuck).
  9819 | D:6      | 9819 ||| Stepping randomly (stuck).
  9820 | D:6      | 9820 ||| Stepping randomly (stuck).
  9821 | D:6      | 9821 ||| Stepping randomly (stuck).
  9822 | D:6      | 9822 ||| Stepping randomly (stuck).
  9823 | D:6      | 9823 ||| Stepping randomly (stuck).
  9824 | D:6      | 9824 ||| Stepping randomly (stuck).
  9825 | D:6      | 9825 ||| Stepping randomly (stuck).
  9826 | D:6      | 9826 ||| Stepping randomly (stuck).
  9827 | D:6      | 9827 ||| Stepping randomly (stuck).
  9828 | D:6      | 9828 ||| Stepping randomly (stuck).
  9829 | D:6      | 9829 ||| Stepping randomly (stuck).
  9830 | D:6      | 9830 ||| Stepping randomly (stuck).
  9831 | D:6      | 9831 ||| Stepping randomly (stuck).
  9832 | D:6      | 9832 ||| Stepping randomly (stuck).
  9833 | D:6      | 9833 ||| Stepping randomly (stuck).
  9834 | D:6      | 9834 ||| Stepping randomly (stuck).
  9835 | D:6      | 9835 ||| Stepping randomly (stuck).
  9836 | D:6      | 9836 ||| Stepping randomly (stuck).
  9837 | D:6      | 9837 ||| Stepping randomly (stuck).
  9838 | D:6      | 9838 ||| Stepping randomly (stuck).
  9839 | D:6      | 9839 ||| Stepping randomly (stuck).
  9840 | D:6      | 9840 ||| Stepping randomly (stuck).
  9841 | D:6      | 9841 ||| Stepping randomly (stuck).
  9842 | D:6      | 9842 ||| Stepping randomly (stuck).
  9843 | D:6      | 9843 ||| Stepping randomly (stuck).
  9844 | D:6      | 9844 ||| Stepping randomly (stuck).
  9845 | D:6      | 9845 ||| Stepping randomly (stuck).
  9846 | D:6      | 9846 ||| Stepping randomly (stuck).
  9847 | D:6      | 9847 ||| Stepping randomly (stuck).
  9848 | D:6      | 9848 ||| Stepping randomly (stuck).
  9849 | D:6      | 9849 ||| Stepping randomly (stuck).
  9850 | D:6      | 9850 ||| Stepping randomly (stuck).
  9851 | D:6      | 9851 ||| Stepping randomly (stuck).
  9852 | D:6      | 9852 ||| Stepping randomly (stuck).
  9853 | D:6      | 9853 ||| Stepping randomly (stuck).
  9854 | D:6      | 9854 ||| Stepping randomly (stuck).
  9855 | D:6      | 9855 ||| Stepping randomly (stuck).
  9856 | D:6      | 9856 ||| Stepping randomly (stuck).
  9857 | D:6      | 9857 ||| Stepping randomly (stuck).
  9858 | D:6      | 9858 ||| Stepping randomly (stuck).
  9859 | D:6      | 9859 ||| Stepping randomly (stuck).
  9860 | D:6      | 9860 ||| Stepping randomly (stuck).
  9861 | D:6      | 9861 ||| Stepping randomly (stuck).
  9862 | D:6      | 9862 ||| Stepping randomly (stuck).
  9863 | D:6      | 9863 ||| Stepping randomly (stuck).
  9864 | D:6      | 9864 ||| Stepping randomly (stuck).
  9865 | D:6      | 9865 ||| Stepping randomly (stuck).
  9866 | D:6      | 9866 ||| Stepping randomly (stuck).
  9867 | D:6      | 9867 ||| Stepping randomly (stuck).
  9868 | D:6      | 9868 ||| Stepping randomly (stuck).
  9869 | D:6      | 9869 ||| Stepping randomly (stuck).
  9870 | D:6      | 9870 ||| Stepping randomly (stuck).
  9871 | D:6      | 9871 ||| Stepping randomly (stuck).
  9872 | D:6      | 9872 ||| Stepping randomly (stuck).
  9873 | D:6      | 9873 ||| Stepping randomly (stuck).
  9874 | D:6      | 9874 ||| Stepping randomly (stuck).
  9875 | D:6      | 9875 ||| Stepping randomly (stuck).
  9876 | D:6      | 9876 ||| Stepping randomly (stuck).
  9877 | D:6      | 9877 ||| Stepping randomly (stuck).
  9878 | D:6      | 9878 ||| Stepping randomly (stuck).
  9879 | D:6      | 9879 ||| Stepping randomly (stuck).
  9880 | D:6      | 9880 ||| Stepping randomly (stuck).
  9881 | D:6      | 9881 ||| Stepping randomly (stuck).
  9882 | D:6      | 9882 ||| Stepping randomly (stuck).
  9883 | D:6      | 9883 ||| Stepping randomly (stuck).
  9884 | D:6      | 9884 ||| Stepping randomly (stuck).
  9885 | D:6      | 9885 ||| Stepping randomly (stuck).
  9886 | D:6      | 9886 ||| Stepping randomly (stuck).
  9887 | D:6      | 9887 ||| Stepping randomly (stuck).
  9888 | D:6      | 9888 ||| Stepping randomly (stuck).
  9889 | D:6      | 9889 ||| Stepping randomly (stuck).
  9890 | D:6      | 9890 ||| Stepping randomly (stuck).
  9891 | D:6      | 9891 ||| Stepping randomly (stuck).
  9892 | D:6      | 9892 ||| Stepping randomly (stuck).
  9893 | D:6      | 9893 ||| Stepping randomly (stuck).
  9894 | D:6      | 9894 ||| Stepping randomly (stuck).
  9895 | D:6      | 9895 ||| Stepping randomly (stuck).
  9896 | D:6      | 9896 ||| Stepping randomly (stuck).
  9897 | D:6      | 9897 ||| Stepping randomly (stuck).
  9898 | D:6      | 9898 ||| Stepping randomly (stuck).
  9899 | D:6      | 9899 ||| Stepping randomly (stuck).
  9900 | D:6      | 9900 ||| Stepping randomly (stuck).
  9901 | D:6      | 9901 ||| Stepping randomly (stuck).
  9902 | D:6      | 9902 ||| Stepping randomly (stuck).
  9903 | D:6      | 9903 ||| Stepping randomly (stuck).
  9904 | D:6      | 9904 ||| Stepping randomly (stuck).
  9905 | D:6      | 9905 ||| Stepping randomly (stuck).
  9906 | D:6      | 9906 ||| Stepping randomly (stuck).
  9907 | D:6      | 9907 ||| Stepping randomly (stuck).
  9908 | D:6      | 9908 ||| Stepping randomly (stuck).
  9909 | D:6      | 9909 ||| Stepping randomly (stuck).
  9910 | D:6      | 9910 ||| Stepping randomly (stuck).
  9911 | D:6      | 9911 ||| Stepping randomly (stuck).
  9912 | D:6      | 9912 ||| Stepping randomly (stuck).
  9913 | D:6      | 9913 ||| Stepping randomly (stuck).
  9914 | D:6      | 9914 ||| Stepping randomly (stuck).
  9915 | D:6      | 9915 ||| Stepping randomly (stuck).
  9916 | D:6      | 9916 ||| Stepping randomly (stuck).
  9917 | D:6      | 9917 ||| Stepping randomly (stuck).
  9918 | D:6      | 9918 ||| Stepping randomly (stuck).
  9919 | D:6      | 9919 ||| Stepping randomly (stuck).
  9920 | D:6      | 9920 ||| Stepping randomly (stuck).
  9921 | D:6      | 9921 ||| Stepping randomly (stuck).
  9922 | D:6      | 9922 ||| Stepping randomly (stuck).
  9923 | D:6      | 9923 ||| Stepping randomly (stuck).
  9924 | D:6      | 9924 ||| Stepping randomly (stuck).
  9925 | D:6      | 9925 ||| Stepping randomly (stuck).
  9926 | D:6      | 9926 ||| Stepping randomly (stuck).
  9927 | D:6      | 9927 ||| Stepping randomly (stuck).
  9928 | D:6      | 9928 ||| Stepping randomly (stuck).
  9929 | D:6      | 9929 ||| Stepping randomly (stuck).
  9930 | D:6      | 9930 ||| Stepping randomly (stuck).
  9931 | D:6      | 9931 ||| Stepping randomly (stuck).
  9932 | D:6      | 9932 ||| Stepping randomly (stuck).
  9933 | D:6      | 9933 ||| Stepping randomly (stuck).
  9934 | D:6      | 9934 ||| Stepping randomly (stuck).
  9935 | D:6      | 9935 ||| Stepping randomly (stuck).
  9936 | D:6      | 9936 ||| Stepping randomly (stuck).
  9937 | D:6      | 9937 ||| Stepping randomly (stuck).
  9938 | D:6      | 9938 ||| Stepping randomly (stuck).
  9939 | D:6      | 9939 ||| Stepping randomly (stuck).
  9940 | D:6      | 9940 ||| Stepping randomly (stuck).
  9941 | D:6      | 9941 ||| Stepping randomly (stuck).
  9942 | D:6      | 9942 ||| Stepping randomly (stuck).
  9943 | D:6      | 9943 ||| Stepping randomly (stuck).
  9944 | D:6      | 9944 ||| Stepping randomly (stuck).
  9945 | D:6      | 9945 ||| Stepping randomly (stuck).
  9946 | D:6      | 9946 ||| Stepping randomly (stuck).
  9947 | D:6      | 9947 ||| Stepping randomly (stuck).
  9948 | D:6      | 9948 ||| Stepping randomly (stuck).
  9949 | D:6      | 9949 ||| Stepping randomly (stuck).
  9950 | D:6      | 9950 ||| Stepping randomly (stuck).
  9951 | D:6      | 9951 ||| Stepping randomly (stuck).
  9952 | D:6      | 9952 ||| Stepping randomly (stuck).
  9953 | D:6      | 9953 ||| Stepping randomly (stuck).
  9954 | D:6      | 9954 ||| Stepping randomly (stuck).
  9955 | D:6      | 9955 ||| Stepping randomly (stuck).
  9956 | D:6      | 9956 ||| Stepping randomly (stuck).
  9957 | D:6      | 9957 ||| Stepping randomly (stuck).
  9958 | D:6      | 9958 ||| Stepping randomly (stuck).
  9959 | D:6      | 9959 ||| Stepping randomly (stuck).
  9960 | D:6      | 9960 ||| Stepping randomly (stuck).
  9961 | D:6      | 9961 ||| Stepping randomly (stuck).
  9962 | D:6      | 9962 ||| Stepping randomly (stuck).
  9963 | D:6      | 9963 ||| Stepping randomly (stuck).
  9964 | D:6      | 9964 ||| Stepping randomly (stuck).
  9965 | D:6      | 9965 ||| Stepping randomly (stuck).
  9966 | D:6      | 9966 ||| Stepping randomly (stuck).
  9967 | D:6      | 9967 ||| Stepping randomly (stuck).
  9968 | D:6      | 9968 ||| Stepping randomly (stuck).
  9969 | D:6      | 9969 ||| Stepping randomly (stuck).
  9970 | D:6      | 9970 ||| Stepping randomly (stuck).
  9971 | D:6      | 9971 ||| Stepping randomly (stuck).
  9972 | D:6      | 9972 ||| Stepping randomly (stuck).
  9973 | D:6      | 9973 ||| Stepping randomly (stuck).
  9974 | D:6      | 9974 ||| Stepping randomly (stuck).
  9975 | D:6      | 9975 ||| Stepping randomly (stuck).
  9976 | D:6      | 9976 ||| Stepping randomly (stuck).
  9977 | D:6      | 9977 ||| Stepping randomly (stuck).
  9978 | D:6      | 9978 ||| Stepping randomly (stuck).
  9979 | D:6      | 9979 ||| Stepping randomly (stuck).
  9980 | D:6      | 9980 ||| Stepping randomly (stuck).
  9981 | D:6      | 9981 ||| Stepping randomly (stuck).
  9982 | D:6      | 9982 ||| Stepping randomly (stuck).
  9983 | D:6      | 9983 ||| Stepping randomly (stuck).
  9984 | D:6      | 9984 ||| Stepping randomly (stuck).
  9985 | D:6      | 9985 ||| Stepping randomly (stuck).
  9986 | D:6      | 9986 ||| Stepping randomly (stuck).
  9987 | D:6      | 9987 ||| Stepping randomly (stuck).
  9988 | D:6      | 9988 ||| Stepping randomly (stuck).
  9989 | D:6      | 9989 ||| Stepping randomly (stuck).
  9990 | D:6      | Quit the game

Levels and vault maps discovered:
D:1:      dpeg_arrival_chambers_temple_mockup, layout_basic, minmay_pentomino_o4
D:2:      layout_basic, basic_altar
D:3:      layout_loops_ring, chequers_serial_rivers_small_a, uniq_sigmund,
          uniq_terence
D:4:      minmay_chambers_of_fours, layout_cave_pods, bloody_makhleb,
          mainiacjoe_overflow_tiny_flanked, uniq_crazy_yiuf_cottage
D:5:      layout_rooms, chequers_temple_overflow_statue_of_worship,
          grunt_temple_overflow_open, ebering_ghost_gozag, uniq_prince_ribbit1,
          uniq_menkaure, uniq_pikel
D:6:      layout_cave_pools, yredelemnul_altar_generic, doesnt_xom_only_xom,
          portal_sewer_entry_f
D:7:      layout_rooms, lemuel_crystal_altar,
          minmay_temple_entry_enclosed_plants
D:8:      layout_basic, serial_shops, nicolae_stop_n_shop_1, uniq_grum
D:9:      kennysheep_seaside_town, layout_basic, amcnicky_altar_gilded,
          david_lair_generic, grunt_decor_mini_mirrors, eino_curves_04,
          minmay_misc_feat_room, grunt_ministairs_13, uniq_erica, uniq_maggie
Lair:1:   layout_regular_city, minivault_11, grunt_forest_small_clearings,
          serial_bayou_pond_d, guppyfry_lair_drakes, grunt_megastairs_2,
          serial_bayou_shore_a
Lair:2:   layout_cave_shapes, skrybe_swamp_entry_bodies,
          guppyfry_snake_entry_garden, uniq_urug

Skill      XL: |  1  2  3  4  5  6  7  8  9 10 11 |
---------------+----------------------------------+-----
Unarmed Combat | 4 5 7 8 10 11 12 | 12.2
Fighting       | 5 |  5.0
Dodging        | 1 |  1.5
Throwing       | 1 |  1.7
Shields        | 6 10 13 | 13.1
Armour         | 1 2 |  2.0
Spellcasting   | |  1.0
Fire Magic     | |  2.1

Action                   |  1- 3 |  4- 6 |  7- 9 | 10-12 || total
-------------------------+-------+-------+-------+-------++-------
Melee: Unarmed           |    96 |    95 |   219 |   424 ||   834
       Punch             |       |     1 |     5 |       ||     6
Throw: Boomerang         |       |       |    33 |    39 ||    72
       Javelin           |       |       |       |     2 ||     2
Invok: Fiery Armour      |       |     1 |     4 |     7 ||    12
  Use: Scroll            |     4 |     9 |    10 |     7 ||    30
       Potion            |     2 |     2 |     3 |     2 ||     9
Armor: Robe              |    22 |    30 |   102 |    59 ||   213
       Acid dragon scale |       |       |       |   153 ||   153
Dodge: Dodged            |    30 |    36 |    70 |    99 ||   235
Block: Tower shield      |       |       |    30 |   309 ||   339

Table legend:
 A = Non-vault XP
 B = Vault XP
 C = Vault XP percentage of total XP
 D = Non-vault monster count
 E = Vault monster count
 F = Vault count percentage of total count
                 A         B        C        D         E       F
            +---------+---------+-------+---------+---------+-------
      Total |   13583 |    8694 |  39.0 |     199 |      76 |  27.6
            +---------+---------+-------+---------+---------+-------
        D:1 |      55 |       0 |   0.0 |      25 |       0 |   0.0
        D:2 |      79 |       0 |   0.0 |      18 |       0 |   0.0
        D:3 |     114 |     262 |  69.7 |      12 |       2 |  14.3
        D:4 |      80 |     153 |  65.7 |      13 |       6 |  31.6
        D:5 |     492 |    1060 |  68.3 |      10 |       3 |  23.1
        D:6 |     857 |       8 |   0.9 |      18 |       4 |  18.2
        D:7 |     471 |     226 |  32.4 |      11 |       2 |  15.4
        D:8 |     729 |     417 |  36.4 |      16 |       3 |  15.8
        D:9 |    2665 |    3935 |  59.6 |      32 |      40 |  55.6
     Lair:1 |    4864 |    1367 |  21.9 |      26 |       3 |  10.3
     Lair:2 |    3177 |    1090 |  25.5 |      18 |       3 |  14.3
      Sewer |       0 |     176 | 100.0 |       0 |      10 | 100.0
            +---------+---------+-------+---------+---------+-------
